 Dungeon Crawl Stone Soup version 0.29.1-15-g9cfb28693d (webtiles) character file.

Game seed: 3031587922274781686

892931 protoss039 the Slayer (level 27, -4/240 HPs)
             Began as a Demonspawn Earth Elementalist on Mar 4, 2023.
             Was the Champion of Vehumet.
             Slain by Areum the pandemonium lord (45 damage)
             ... on level 25 of a ziggurat on Mar 6, 2023.
             The game lasted 05:30:54 (91164 turns).

protoss039 the Slayer (DsEE)                       Turns: 91164, Time: 05:30:55

Health: -4/240     AC: 25    Str: 18    XL:     27
Magic:  3/49       EV: 16    Int: 47    God:    Vehumet [******]
Gold:   3140       SH: 20    Dex: 18    Spells: 1/71 levels left

rFire   + + .      SeeInvis +   H - +7 morningstar of the Hills {freeze, rElec rF- rC- Int+10}
rCold   + + +      Faith    .   d - +5 kite shield {reflect}
rNeg    + + +      Spirit   .   J - +6 acid dragon scales
rPois   ∞          Reflect  +   F - -2 hat of the Alchemist {rElec rPois rF+ rC+ rN+ Will+ rMut rCorr}
rElec   +          Harm     .   c - scarf {repulsion}
rCorr   +          Rampage  .   (gloves unavailable)
rMut    +                       p - +2 pair of boots of Parlour Games {rC+ Regen+ Str+3 Stlth-}
Will    +++++                   S - amulet "Ymotwothros" {Fragile rC+ Will+++ Regen+ rCorr}
Stlth   +.........              a - ring "Lommeaff" {Wiz rF+ Str+5 SInv}
HPRegen 6.10/turn               K - ring "Ruheysyps" {Drain rF+ Str-3 Int+10 Dex+5}
MPRegen 0.31/turn

@: lich-form, very slightly contaminated, studying 9 skills, repel missiles
A: draining attack, torment immunity, no potions, claws 3, powered by death 3,
augmentation 3, (sanguine armour 3), demonic magic 3
}: 6/15 runes: barnacled, slimy, silver, icy, bone, gossamer
a: End Transformation, Renounce Religion


You were on level 25 of a ziggurat.
You worshipped Vehumet.
Vehumet was exalted by your worship.
You were an undead lich.
You visited 14 branches of the dungeon, and saw 66 of its levels.
You visited the Abyss 2 times.
You visited 1 bazaar.
You visited 1 ziggurat, and saw 25 of its levels.
You also visited: Ice Cave and Desolation.

You collected 11551 gold pieces.
You spent 8411 gold pieces at shops.

Inventory:

Hand Weapons
 x - the +4 rapier of Infinite Pain {venom, rPois rF++}
   (You found it on level 19 of a ziggurat)

   It poisons the flesh of those it strikes.
   rF:        It greatly protects you from fire.
   rPois:     It protects you from poison.
 B - the +6 Majin-Bo {vamp, MP+6 Int+6}
   (You found it on level 20 of a ziggurat)

   It heals its wielder for a portion of the damage dealt when they wound a
   living foe with it or with a spell.
   Its wielder's spells cost health as well as magical power.
   Int:       It affects your intelligence (+6).
   MP:        It affects your magic capacity (+6).
 E - the +8 dagger of the Fresh God {venom, rElec Will+ MP+9 Dex+2}
   (You found it on level 24 of a ziggurat)

   It poisons the flesh of those it strikes.
   Dex:       It affects your dexterity (+2).
   rElec:     It insulates you from electricity.
   MP:        It affects your magic capacity (+9).
   Will:      It increases your willpower.
 H - the +7 morningstar of the Hills (weapon) {freeze, rElec rF- rC- Int+10}
   (You bought it in a shop on level 3 of the Vaults)

   It freezes those it strikes, dealing additional cold damage.
   It can also slow down cold-blooded creatures.
   Int:       It affects your intelligence (+10).
   rF:        It makes you vulnerable to fire.
   rC:        It makes you vulnerable to cold.
   rElec:     It insulates you from electricity.
 I - the +12 glaive of Prune {vorpal}
   (You found it on level 24 of a ziggurat)

   It inflicts extra damage upon your enemies.
   It halves damage taken while paralysed, petrified or unconscious.
 L - the +6 quick blade of Certain Death {chaos, *Corrode rF++}
   (You found it on level 24 of a ziggurat)

   Each time it hits an enemy it has a different, random effect.
   rF:        It greatly protects you from fire.
   *Corrode:  It may corrode you when you take damage.
Missiles
 A - 20 silver javelins (quivered)
 G - 12 throwing nets
Armour
 c - a scarf of repulsion (worn)
 d - a +5 kite shield of reflection (worn)
 p - the +2 pair of boots of Parlour Games (worn) {rC+ Regen+ Str+3 Stlth-}
   (You acquired it on level 5 of the Vaults)

   Str:       It affects your strength (+3).
   rC:        It protects you from cold.
   Regen:     It increases your rate of health regeneration.
   Stlth:     It makes you less stealthy.
 t - the +2 hat "Gufer" {rElec Int+6}
   (You found it on level 16 of a ziggurat)

   Int:       It affects your intelligence (+6).
   rElec:     It insulates you from electricity.
 F - the -2 hat of the Alchemist (worn) {rElec rPois rF+ rC+ rN+ Will+ rMut rCorr}
   (You found it on level 21 of a ziggurat)

   rF:        It protects you from fire.
   rC:        It protects you from cold.
   rElec:     It insulates you from electricity.
   rPois:     It protects you from poison.
   rN:        It protects you from negative energy.
   rCorr:     It protects you from acid and corrosion.
   rMut:      It protects you from mutation.
   Will:      It increases your willpower.
 J - +6 acid dragon scales (worn)
 Y - a scarf of resistance
Jewellery
 a - the ring "Lommeaff" (left claw) {Wiz rF+ Str+5 SInv}
   (You found it on level 5 of the Pits of Slime)

   [ring of wizardry]

   It improves your spell success rate.
   Str:       It affects your strength (+5).
   rF:        It protects you from fire.
   SInv:      It lets you see invisible.
 b - the ring of Midnight {Fly rPois MP+9 Str+3 Dex+3}
   (You took it off a yaktaur on level 5 of the Vaults)

   [ring of magical power]

   Str:       It affects your strength (+3).
   Dex:       It affects your dexterity (+3).
   rPois:     It protects you from poison.
   MP:        It affects your magic capacity (+9).
   Fly:       It grants you flight.
 g - the ring of Herump {rPois rF+ rC+ Dex+2}
   (You found it on level 13 of a ziggurat)

   [ring of protection from fire]

   Dex:       It affects your dexterity (+2).
   rF:        It protects you from fire.
   rC:        It protects you from cold.
   rPois:     It protects you from poison.
 m - the ring "Vicathre" {rElec rC+ Str+6 Dex+4}
   (You found it on level 24 of a ziggurat)

   [ring of strength]

   Str:       It affects your strength (+6).
   Dex:       It affects your dexterity (+4).
   rC:        It protects you from cold.
   rElec:     It insulates you from electricity.
 n - the amulet "Pithu" {RegenMP Str+10 Int-3}
   (You found it on level 6 of a ziggurat)

   [amulet of magic regeneration]

   It increases your rate of magic regeneration.
   Str:       It affects your strength (+10).
   Int:       It affects your intelligence (-3).
 q - the ring "Weroiqo" {rElec rC- Int+6 Dex+2 SInv}
   (You found it on level 19 of a ziggurat)

   [ring of intelligence]

   Int:       It affects your intelligence (+6).
   Dex:       It affects your dexterity (+2).
   rC:        It makes you vulnerable to cold.
   rElec:     It insulates you from electricity.
   SInv:      It lets you see invisible.
 u - the ring "Oqoym" {rCorr Str+6 Int+4}
   (You found it on level 10 of a ziggurat)

   [ring of strength]

   Str:       It affects your strength (+6).
   Int:       It affects your intelligence (+4).
   rCorr:     It protects you from acid and corrosion.
 K - the ring "Ruheysyps" (right claw) {Drain rF+ Str-3 Int+10 Dex+5}
   (You took it off an ironbound preserver on level 5 of the Vaults)

   [ring of protection from fire]

   Str:       It affects your strength (-3).
   Int:       It affects your intelligence (+10).
   Dex:       It affects your dexterity (+5).
   rF:        It protects you from fire.
   Drain:     It drains your maximum health when unequipped.
 S - the amulet "Ymotwothros" (around neck) {Fragile rC+ Will+++ Regen+ rCorr}
   (You found it on level 5 of the Lair of Beasts)

   [amulet of regeneration]

   rC:        It protects you from cold.
   Regen:     It increases your rate of health regeneration.
   rCorr:     It protects you from acid and corrosion.
   Fragile:   It will be destroyed if unequipped.
   Will:      It greatly increases your willpower.
Wands
 y - a wand of acid (19)
 M - a wand of iceblast (40)
Scrolls
 h - 16 scrolls of immolation
 j - 42 scrolls of teleportation
 k - 6 scrolls of amnesia
 l - 6 scrolls of magic mapping
 r - 2 scrolls of enchant armour
 O - 2 scrolls of torment
 U - 11 scrolls of fear
 W - 5 scrolls of blinking
Potions
 e - 9 potions of invisibility
 f - 13 potions of flight
 o - 4 potions of haste
 s - 19 potions of curing
 v - 27 potions of mutation
 w - 5 potions of heal wounds
 C - 3 potions of ambrosia
 N - 6 potions of magic
 P - 14 potions of brilliance
 Q - 11 potions of might
 R - 5 potions of cancellation
 X - 8 potions of resistance
Miscellaneous
 V - a phantom mirror (inert)
 Z - a condenser vane (inert)


   Skills:
 + Level 24.7 Fighting
 * Level 7.1 Throwing
 + Level 19.3 Armour
 + Level 8.4 Dodging
 - Level 3.0 Stealth
 + Level 18.9 Shields
 * Level 22.6 Spellcasting
 - Level 21.0 Conjurations
 + Level 22.2 Necromancy
 - Level 12.0 Transmutations
 * Level 16.7 Fire Magic
 * Level 10.4 Ice Magic
 - Level 3.0 Air Magic
 * Level 23.1 Earth Magic
 - Level 3.0 Poison Magic


You had one spell level left.
You knew the following spells:

 Your Spells              Type           Power      Damage    Failure   Level
a - Necromutation         Tmut/Necr      72%        N/A       1%          8
b - Sublimation of Blood  Necr           100%       N/A       0%          2
c - Ozocubu's Refrigerat  Ice            50%        4d18      1%          7
d - Swiftness             Air            69%        N/A       1%          3
e - Fire Storm            Conj/Fire      62%        8d16      2%          9
f - Ignition              Fire           59%        3d16      1%          8
g - Shatter               Erth           67%        3d49*     1%          9
h - Polar Vortex          Ice            50%        N/A       52%         9
i - Borgnjor's Vile Clut  Necr/Erth      79%        N/A       0%          5
j - Lehudib's Crystal Sp  Conj/Erth      65%        10d15     1%          8
k - Passwall              Tmut/Erth      100%       N/A       0%          2

Your spell library contained the following spells:

 Spells                   Type           Power      Damage    Failure   Level
 Beastly Appendage        Tmut           100%       N/A       0%          1
 Foxfire                  Conj/Fire      100%       2x1d9     0%          1
 Freeze                   Ice            100%       1d11      0%          1
 Magic Dart               Conj           100%       1d8       0%          1
 Necrotise                Necr           100%       1d9       0%          1
 Sandblast                Erth           100%       2d20      0%          1
 Shock                    Conj/Air       100%       1d9       0%          1
 Apportation              Tloc           100%       N/A       1%          1
 Slow                     Hex            100%       N/A       1%          1
 Sting                    Tmut/Pois      100%       1d8       1%          1
 Summon Small Mammal      Summ           100%       N/A       1%          1
 Static Discharge         Conj/Air       100%       3-16/arc  0%          2
 Wereblood                Tmut           100%       N/A       0%          2
 Conjure Flame            Conj/Fire      100%       6-21      0%          3
 Dazzling Flash           Conj/Hex       100%       N/A       0%          3
 Frozen Ramparts          Ice            100%       1d16      0%          3
 Ignite Poison            Fire/Tmut/Pois 100%       N/A       0%          3
 Ozocubu's Armour         Ice            100%       N/A       0%          3
 Stone Arrow              Conj/Erth      100%       3d13      0%          3
 Vampiric Draining        Necr           100%       2d13      0%          3
 Animate Dead             Necr           100%       N/A       0%          4
 Dispel Undead            Necr           100%       3d31      0%          4
 Flame Wave               Conj/Fire      100%       2d21      0%          4
 Hailstorm                Conj/Ice       100%       3d20      0%          4
 Petrify                  Tmut/Erth      100%       N/A       0%          4
 Sticky Flame             Conj/Fire      100%       2d11      0%          4
 Agony                    Necr           100%       N/A       0%          5
 Irradiate                Conj/Tmut      59%        3d31      0%          5
 Iskenderun's Battlesphe  Conj           100%       2d15      0%          5
 Lee's Rapid Deconstruct  Erth           67%        3d31*     0%          5
 Death Channel            Necr           78%        N/A       0%          6
 Iron Shot                Conj/Erth      65%        9d12      0%          6
 Blink                    Tloc           100%       N/A       1%          2
 Call Imp                 Summ           52%        N/A       1%          2
 Ensorcelled Hibernation  Hex/Ice        100%       N/A       1%          2
 Poisonous Vapours        Pois/Air       100%       N/A       1%          2
 Call Canine Familiar     Summ           52%        N/A       1%          3
 Confusing Touch          Hex            52%        N/A       1%          3
 Gell's Gravitas          Tloc           52%        N/A       1%          3
 Inner Flame              Hex/Fire       93%        N/A       1%          3
 Lesser Beckoning         Tloc           52%        N/A       1%          3
 Mephitic Cloud           Conj/Pois/Air  95%        N/A       1%          3
 Portal Projectile        Hex/Tloc       100%       N/A       1%          3
 Spider Form              Tmut/Pois      89%        N/A       1%          3
 Summon Guardian Golem    Hex/Summ       52%        N/A       1%          3
 Teleport Other           Tloc           52%        N/A       1%          3
 Tukima's Dance           Hex            52%        N/A       1%          3
 Airstrike                Air            34%        2d(5-21)  1%          4
 Anguish                  Hex/Necr       62%        N/A       1%          4
 Animate Armour           Summ/Erth      100%       N/A       1%          4
 Corpse Rot               Necr/Pois/Air  100%       N/A       1%          4
 Fulminant Prism          Conj/Hex       50%        3d23      1%          4
 Ice Form                 Ice/Tmut       100%       N/A       1%          4
 Iskenderun's Mystic Bla  Conj/Tloc      100%       2d19      1%          4
 Leda's Liquefaction      Hex/Erth       52%        N/A       1%          4
 Olgreb's Toxic Radiance  Pois           69%        N/A       1%          4
 Summon Ice Beast         Ice/Summ       80%        N/A       1%          4
 Summon Lightning Spire   Summ/Air       61%        N/A       1%          4
 Alistair's Intoxication  Tmut/Pois      59%        N/A       1%          5
 Blade Hands              Tmut           52%        N/A       1%          5
 Freezing Cloud           Conj/Ice/Air   51%        6-21      1%          5
 Lightning Bolt           Conj/Air       52%        1d74      1%          5
 Metabolic Englaciation   Hex/Ice        40%        N/A       1%          5
 Yara's Violent Unravell  Hex/Tmut       41%        3d16      1%          5
 Conjure Ball Lightning   Conj/Air       52%        3x3d18    1%          6
 Eringya's Noxious Bog    Tmut/Pois      44%        N/A       1%          6
 Simulacrum               Ice/Necr       71%        N/A       1%          6
 Starburst                Conj/Fire      62%        6d16      1%          6
 Statue Form              Tmut/Erth      80%        N/A       1%          6
 Dragon Form              Tmut           52%        N/A       1%          7
 Haunt                    Necr/Summ      62%        N/A       1%          7
 Orb of Destruction       Conj           64%        9d15      1%          7
 Spellforged Servitor     Conj/Summ      50%        N/A       1%          7
 Infestation              Necr           78%        N/A       1%          8
 Cause Fear               Hex            26%        N/A       2%          4
 Passage of Golubria      Tloc           52%        N/A       2%          4
 Manifold Assault         Tloc           52%        N/A       6%          5
 Summon Forest            Summ/Tloc      26%        N/A       6%          5
 Summon Mana Viper        Hex/Summ       52%        N/A       6%          5
 Storm Form               Tmut/Air       44%        N/A       9%          7
 Dispersal                Tloc           26%        N/A       32%         6
 Summon Cactus Giant      Summ           26%        N/A       32%         6
 Enfeeble                 Hex            26%        N/A       85%         7
 Monstrous Menagerie      Summ           26%        N/A       85%         7
 Discord                  Hex            26%        N/A       100%        8
 Disjunction              Tloc           26%        N/A       100%        8
 Dragon's Call            Summ           26%        N/A       100%        9


Dungeon Overview and Level Annotations

Branches:
Dungeon (15/15) Zot: 23114  Temple (1/1) D:6 Zot: 5959    Lair (5/5) D:8 Zot: 22695
 Shoals (4/4) Lair:2 Zot: 16748  Spider (4/4) Lair:2 Zot: 15567   Slime (5/5) Lair:5 Zot: 26368
    Orc (2/2) D:11 Zot: 8979     Elf (3/3) Orc:2 Zot: 9517  Vaults (5/5) D:14 Zot: 19080
  Crypt (3/3) Vaults:2 Zot: 13148    Tomb (0/3) Crypt:3      Depths (4/4) D:15 Zot: 13399
   Hell (visited)             Dis (0/7) Hell            Geh (0/7) Hell
    Coc (7/7) Hell Zot: 25587     Tar (7/7) Hell Zot: 25587     Zot (0/5) Depths:4
  IceCv (visited)         Desolation (visited)

Altars:
Ashenzari
Cheibriados
Dithmenos
Fedhas
Gozag
Hepliaklqana
Kikubaaqudgha
Makhleb
Nemelex Xobeh
Okawaru
Qazlal
Ru
Sif Muna
Trog
Uskayaw
Vehumet
Wu Jian
Xom
Yredelemnul
Jiyva

Shops:
D:6 *   D:7 [   D:8 *   D:14 (   Orc:2 =[!*   Shoals:1 !=*:   Vaults:2 ?*?
Vaults:3 (   Vaults:5 *   Depths:4 [:

Portals:
Hell: Depths:1 Depths:2 Depths:3 Depths:4
Abyss: Depths:3
Pandemonium: Orc:2 Depths:2 Depths:3

Annotations:
D:5 enotiy's ghost, novice GrFi
D:9 2 transporters, gargbit's ghost, novice TrFi
D:12 1 exclusion
Spider:2 3 exclusions
Spider:3 1 exclusion
Spider:4 3 runed translucent doors, Honosyedgha's ghost, adept GrBe; Ocsud's ghost, adept SpEn; Ojahapt's ghost, journeyman MeEE; gargbit's ghost, adept DgCj; reativica's ghost, journeyman CeHu
Elf:1 2 transporters, WarchitectNL's ghost, journeyman MiFi
Vaults:1 36 runed doors, exclusion: 36 doors
Vaults:3 2 transporters, exclusion: obsidian statue
Crypt:1 3 runed translucent doors
Depths:3 3 runed translucent doors, exclusion: 3 doors, Reiqiorph's ghost, adept FoFi


Innate Abilities, Weirdness & Mutations

You are an undead lich.
Your unarmed attacks are suffused with negative energy.
You are immune to unholy pain and torment.
Your necromantic spells are more powerful.
You cannot drink.
You are immune to poison.
You have claws for hands.
You regenerate a lot of health from kills.
Your magical and physical power is greatly enhanced at high health.
((When seriously injured, your blood forms very thick armour. (AC +0)))
Spells you cast and wands you use may paralyse nearby enemies.


Message History

The red ugly thing is engulfed in noxious fumes.
The red ugly thing appears confused.
The yaktaur is engulfed in noxious fumes.
A sphinx comes into view.
Your green ugly thing basks in the mutagenic energy from its kin and changes!
The apocalypse crab is engulfed in noxious fumes.
The apocalypse crab appears confused.
The green death gestures at you.
The poison arrow is repelled.
The entropy weaver is engulfed in noxious fumes.
The dire elephant is engulfed in noxious fumes.
Areum hits you!!
* * * LOW HITPOINT WARNING * * *
The frost giant is engulfed in noxious fumes.
The lindwurm is engulfed in noxious fumes.
The lindwurm appears confused.
The lindwurm bites the orange demon!
The lindwurm claws the orange demon!
The lindwurm claws the orange demon.
Unknown command.
Unknown command.
Unknown command.
Unknown command.
Unknown command.
Unknown command.
Unknown command.
Unknown command.
Unknown command.
Unknown command.
Unknown command.
Unknown command.
As you read the scroll of summoning, it crumbles to dust.
Wisps of shadow whirl around you...
The spriggan changes into a cane toad!
Your Killer Klown dissolves into shadows!
Your green very ugly thing is no longer mute.
Relukk gestures at you.
The bolt of cold hits your purple very ugly thing!!!
The bolt of cold hits you. You resist.
* * * LOW HITPOINT WARNING * * *
Pischem sneers, "Taste defeat, thou weedy earth-vexing whip-jack!"
Areum hits you!!!
You die...

▓........p...&○°....
▓.........§§§.§§☼§#§§§#
▓.........§§1§.&°§§4J§§
▓........u§§§§2§☼Ck§F§§
▓...†.u.h§§B§§§u.4§&c&t
▓...h.&..u§&§§§§.Y§§D3D
▓.....p...§§&&§...§&J&H
▓▓▓▓▓▓▓▓▓▓▓▓▓§§.u.§§§§§
▓§&L..u&§§§ ▓u.w....§§§
▓u..u...... ▓▓▓▓▓▓▓▓▓▓▓


You could see Areum (ally target), Hosorphu, Lamot (ally target), Oniufe
(clouds), Pischem, Relukk (ally target), Saji, Siziriwe, Udaohale, Ugonic, a
dire elephant, a Tzitzimitl, a frost giant, 2 fire dragons, a sphinx, 2 azure
jellies, a green death, an entropy weaver, a red ugly thing (confused), an
orange demon (summoned), an apocalypse crab (confused), a lindwurm shaped
shifter (confused), a yaktaur, a rust devil (summoned), a cane toad shaped
shifter, a ynoxinul (summoned), 5 friendly very ugly things, a friendly
steelbarb worm (summoned), 2 friendly ugly things and a friendly hog shaped
shifter (summoned).

Vanquished Creatures
  Antaeus (Coc:7)
  the Royal Jelly (Slime:5)
  Ereshkigal (Tar:7)
  Dissolution (Slime:3)
  8 dread liches
  Mara (Spider:2)
  5 ancient liches
  8 pandemonium lords
  3 juggernauts
  The ghost of Zenecom the Conqueror, a legendary MiFi of Makhleb (Zig:23)
  The ghost of Xaowkis the Impregnable, a legendary GnWr of Cheibriados (Zig:23)
  The ghost of Walil the Intangible, a veteran MiMo of Dithmenos (Zig:23)
  12 royal mummies (Zig:24)
  19 shard shrikes
  2 curse toes
  The ghost of lmSkywalker the Warrior, an adept DrTm of Okawaru (Zig:23)
  Geryon (Hell)
  The ghost of rrossfarrar the Hoplite, a veteran BaFi of Cheibriados (Vaults:2)
  Saint Roka (Depths:1)
  Nikola (Depths:2)
  6 golden dragons
  6 electric golems
  6 profane servitors
  26 bone dragons
  14 Tzitzimimeh
  19 doom hounds
  Jorgrun (Orc:1)
  A hellephant (Zig:14)
  11 tentacled monstrosities
  8 liches
  23 Ice Fiends
  2 walking crystal tomes
  2 walking earthen tomes (Depths:2)
  The ghost of Zeph the Severer, an adept NaFi of Cheibriados (Zig:23)
  18 tainted leviathans
  19 titans
  10 deep elf master archers
  7 deep elf blademasters (Zig:22)
  Zenata (Crypt:3)
  2 walking divine tomes
  5 Executioners
  15 ancient champions
  22 acid blobs
  3 krakens
  Frances (Elf:1)
  4 tentacled starspawn
  Gastronok (Lair:1)
  13 sphinxes
  Agnes (Spider:1)
  11 shadow dragons
  10 tengu reavers
  12 storm dragons
  12 revenants
  Donald (Elf:1)
  2 draconian monks (Depths:4)
  19 azure jellies
  13 frost giants
  13 rockslimes
  A fenstrider witch (Zig:13)
  11 fire giants
  10 narguns
  3 demonspawn warmongers (Zig:21)
  8 emperor scorpions
  Louise (D:14)
  A draconian knight (Zig:6)
  19 vault wardens
  2 cacodemons
  4 iron dragons
  Aizul (Elf:1)
  3 orc warlords
  2 imperial myrmidons (Desolation)
  9 deep elf sorcerers
  A caustic shrike zombie (Hell)
  9 deep elf elementalists (Elf:3)
  6 balrugs
  4 spectral caustic shrikes
  13 curse skulls
  14 ghouls
  7 shard shrike simulacra
  2 ghost moths (Spider:4)
  11 quicksilver oozes
  18 very ugly things
  3 spriggan defenders
  29 reapers
  A demonspawn blood saint (Zig:21)
  5 war gargoyles
  A draconian stormcaller (Zig:14)
  8 ironbound thunderhulks
  2 juggernaut skeletons (Zig:24)
  11 demonspawn corrupters
  22 ironbound preservers
  3 broodmothers
  13 deep elf demonologists
  18 elemental wellsprings
  33 stone giants
  2 bennus (Zig:24)
  12 vampire knights
  3 lorocyprocas
  2 bunyips (Zig:13)
  3 eleionomae
  A black draconian (Depths:4)
  4 demonspawn black suns
  8 entropy weavers
  13 deep elf annihilators
  24 putrid mouths
  3 spectral titans
  14 wendigos
  14 dire elephants
  30 spark wasps
  A red draconian (Depths:4)
  23 eidola
  3 halazid warlocks (Desolation)
  15 ettins
  A yellow draconian (Depths:4)
  7 green deaths
  A spectral quicksilver dragon (Tar:7)
  An iron golem (Zig:4)
  9 merfolk impalers
  12 fire dragons
  7 blizzard demons
  6 crystal guardians (Elf:3)
  12 deep elf death magi
  6 ragged hierophants (Desolation)
  11 deep elf high priests
  A spectral iron giant (Crypt:1)
  A quicksilver dragon zombie (Zig:24)
  5 spectral spriggans
  10 jiangshi
  Josephine (D:11)
  A great orb of eyes (shapeshifter) (Zig:19)
  15 yaktaur captains
  Harold (Lair:1)
  15 merfolk javelineers
  9 mummy priests (Zig:24)
  3 servants of whispers (Desolation)
  15 hydras
  14 great orbs of eyes
  12 boulder beetles
  A quicksilver dragon skeleton (Zig:24)
  A spectral golden dragon (Tar:1)
  8 rakshasas
  7 peacekeepers (Desolation)
  5 hell beasts
  39 vault guards
  2 jorogumos
  5 juggernaut simulacra
  12 ice dragons
  An Orb Guardian zombie (Crypt:2)
  A catoblepas (D:14)
  A spriggan skeleton (Zig:24)
  9 caustic shrike simulacra
  8 centaur warriors
  3 alligator snapping turtles
  10 ironbound frosthearts
  4 merfolk avatars
  Erica (D:11)
  4 alligators
  An ogre mage (D:15)
  8 spriggan air magi
  6 radroaches
  3 ghost crabs (Zig:23)
  3 demonspawn (Orc:2)
  7 two-headed ogres
  6 merfolk aquamancers
  9 death knights
  5 satyrs
  2 satyrs (shapeshifter)
  A death yak (shapeshifter) (Zig:25)
  2 death scarabs (Zig:24)
  2 titan zombies
  16 tengu warriors
  13 deep troll shamans
  12 deep troll earth magi
  4 thrashing horrors
  42 dancing weapons
  7 death yaks (Lair:3)
  5 spriggan berserkers
  A shock serpent (shapeshifter) (Zig:19)
  10 vampire magi
  Nergalle (D:11)
  A hell hog (Hell)
  8 orc high priests
  5 naga sharpshooters (Zig:15)
  7 soul eaters
  A spectral dire elephant (Tar:1)
  21 hell knights
  4 shock serpents
  Sonja (D:11)
  41 deep elf knights
  10 sun demons
  A spectral death yak (Lair:5)
  4 wretched stars
  3 spriggans
  4 spriggan druids
  3 golden dragon zombies (Zig:24)
  4 sixfirhies
  A goliath frog (Zig:13)
  A sea snake (shapeshifter) (Vaults:5)
  6 iron trolls
  24 shadow wraiths
  33 skeletal warriors
  A spatial maelstrom (Zig:14)
  10 steelbarb worms
  81 deep trolls
  3 spectral anacondas
  6 pharaoh ants
  2 quicksilver dragon simulacra
  3 sun moths (Spider:4)
  2 glowing orange brains (Depths:3)
  12 flayed ghosts
  8 orb spiders
  4 swamp dragons
  19 sea snakes
  5 lindwurms
  2 storm dragon skeletons
  A bunyip skeleton (Crypt:3)
  6 spriggan simulacra
  An obsidian statue (Lair:5)
  3 shadow demons (Zig:21)
  21 necromancers
  An iron dragon zombie (Crypt:2)
  21 ironbound convokers
  26 deep elf archers
  A golden dragon skeleton (Hell)
  8 wizards
  3 shadow dragon zombies
  A stone giant zombie (Vaults:3)
  54 ugly things
  44 deep elf zephyrmancers
  38 harpies
  39 deep elf pyromancers
  18 phantasmal warriors
  17 cyclopes
  A jorogumo zombie (Crypt:1)
  18 orc knights
  7 orc sorcerers
  23 wolf spiders
  A frost giant zombie (Vaults:3)
  A spectral ettin (Tar:4)
  13 fauns
  3 moths of wrath
  22 manticores
  9 shining eyes
  3 worldbinders
  An iron dragon skeleton (Crypt:3)
  20 large abominations
  A frost giant skeleton (Vaults:5)
  A dire elephant zombie (Lair:5)
  3 guardian serpents
  6 will-o-the-wisps
  13 merfolk sirens
  7 elephants
  A sphinx skeleton (Zig:24)
  9 rust devils
  A fire giant skeleton (Crypt:1)
  7 molten gargoyles
  An eye of devastation (shapeshifter) (Zig:19)
  A stone giant skeleton (Crypt:3)
  2 black mambas (Lair:4)
  A gargoyle (D:12)
  13 water nymphs
  2 eyes of devastation
  2 centaur zombies
  Joseph (Lair:1)
  14 vault sentinels
  A dire elephant skeleton (Lair:5)
  4 titan simulacra
  2 ice statues (IceCv)
  5 orange demons
  13 cane toads
  A torpor snail (Spider:1)
  5 smoke demons
  20 hellions
  A yaktaur zombie (Vaults:3)
  A centaur skeleton (Crypt:1)
  4 human zombies
  An alligator snapping turtle zombie (Crypt:3)
  12 demonic crawlers
  2 unseen horrors
  A kobold demonologist (D:14)
  Maggie (D:7)
  4 rime drakes
  19 tormentors
  25 yaktaurs
  An efreet (Zig:12)
  A komodo dragon (shapeshifter) (Elf:3)
  5 iron giant simulacra (Coc:7)
  4 hellwings
  2 spectral nagas
  2 anaconda simulacra (Coc:7)
  2 komodo dragons
  A yaktaur skeleton (Vaults:5)
  8 tengu conjurers
  A hydra zombie (Abyss:2)
  A mana viper zombie (Crypt:3)
  17 freezing wraiths
  A purple draconian skeleton (Crypt:1)
  A red devil (Zig:11)
  2 ancient zymes (Abyss:2)
  23 guardian mummies
  4 ice devils (Hell)
  A golden dragon simulacrum (Coc:7)
  7 trolls
  8 meliai
  A bloated husk (Zig:13)
  2 harpy skeletons
  A harpy zombie (Hell)
  43 merfolk
  A human skeleton (Vaults:5)
  A queen bee (shapeshifter) (Zig:16)
  A shadow dragon simulacrum (Crypt:1)
  A tarantella (shapeshifter) (Zig:19)
  5 spectral harpies
  19 tarantellas
  A wind drake (shapeshifter) (Elf:3)
  70 slime creatures
  14 wind drakes
  4 hornets
  9 raiju
  A death drake skeleton (Crypt:3)
  2 polar bears
  13 blink frogs
  50 saltlings
  2 iron dragon simulacra
  2 tyrant leeches (Zig:13)
  A satyr zombie (Crypt:2)
  Prince Ribbit (D:8)
  A snapping turtle (shapeshifter) (Vaults:5)
  A stone giant simulacrum (Coc:3)
  15 jumping spiders
  3 spectral elephants (Lair:5)
  2 dream sheep (Shoals:2)
  12 snapping turtles
  A centaur simulacrum (Coc:1)
  A spriggan (shapeshifter) (Vaults:5)
  16 culicivoras
  2 ettin skeletons
  21 flying skulls
  A jumping spider (shapeshifter) (D:13)
  2 shadows (D:12)
  5 vampires
  5 ynoxinuls
  Sigmund (D:2)
  11 air elementals
  7 fire elementals
  3 wyverns
  35 yaks
  26 water elementals
  5 ushabtiu (Zig:24)
  7 dire elephant simulacra
  A basilisk (shapeshifter) (Vaults:5)
  2 yaks (shapeshifter)
  14 wraiths
  2 naga simulacra
  3 golden eyes
  4 basilisks
  A chaos spawn (Abyss:2)
  63 redbacks
  2 steam dragons
  17 vampire mosquitoes
  A death yak simulacrum (IceCv)
  Grum (D:9)
  3 neqoxecs
  A black mamba skeleton (Hell)
  An alligator snapping turtle simulacrum (Coc:3)
  Menkaure (D:7)
  A glowing shapeshifter zombie (Zig:24)
  A warg (shapeshifter) (Vaults:5)
  2 elf skeletons
  16 harpy simulacra
  3 spectral cane toads (Lair:5)
  2 wargs
  A deep troll zombie (Crypt:1)
  A swamp worm (shapeshifter) (Zig:19)
  11 water moccasins
  A water nymph zombie (Crypt:2)
  6 acid dragons
  An ogre skeleton (Vaults:2)
  4 hydra simulacra
  2 floating eyes
  3 hell hounds (Hell)
  12 small abominations
  40 orc warriors
  2 black bears
  3 ice beasts
  5 ettin simulacra
  6 sky beasts
  7 ogres
  13 wolves
  An elephant skeleton (Lair:5)
  A dream sheep skeleton (Crypt:2)
  7 centaurs
  A torpor snail zombie (Crypt:3)
  2 kobold brigands
  15 bullfrogs
  4 elf zombies
  A rime drake skeleton (Crypt:1)
  7 earth elementals
  2 gnoll sergeants
  A glowing shapeshifter simulacrum (Zig:24)
  3 necrophages (Crypt:3)
  7 scorpions
  A salamander skeleton (Crypt:1)
  4 wights (D:9)
  A raiju zombie (Crypt:3)
  A warg zombie (Crypt:3)
  An elephant simulacrum (Lair:5)
  3 killer bees (D:9)
  A warg skeleton (Crypt:1)
  4 electric eels
  7 howler monkeys
  A wolf zombie (Crypt:3)
  6 crimson imps
  3 quasits (Abyss:2)
  9 starcursed masses
  5 hounds
  An iron imp (D:5)
  2 jellies
  2 gnoll boudas
  25 orc priests
  Crazy Yiuf (D:7)
  Jessica (D:2)
  An iguana (D:4)
  23 orc wizards
  Natasha (thrice) (D:2)
  A boggart skeleton (Crypt:2)
  3 wolf simulacra (IceCv)
  A tengu skeleton (Crypt:2)
  An acid dragon skeleton (Crypt:3)
  31 mummies
  A howler monkey zombie (Crypt:2)
  Robin (D:2)
  28 gnolls
  7 adders
  2 shadow imps (D:7)
  19 white imps
  A worm zombie (Crypt:2)
  An iguana skeleton (Crypt:1)
  A worm (Lair:2)
  2 dart slugs (D:2)
  105 orcs
  3 ball pythons
  10 bats
  13 endoplasms
  10 giant cockroaches
  14 goblins
  12 hobgoblins
  13 jackals (D:4)
  16 kobolds
  6 quokkas
  3 frilled lizards
  A frilled lizard zombie (Crypt:1)
  6 rats
  3 bushes (Elf:1)
  2 starspawn tentacles (Zig:14)
  4 tentacles
3592 creatures vanquished.

Vanquished Creatures (collateral kills)
  A caustic shrike (Zig:4)
  2 Tzitzimimeh
  A demonspawn corrupter (Zig:21)
  A basilisk (shapeshifter) (Zig:25)
  An orc (D:11)
6 creatures vanquished.

Vanquished Creatures (others)
  The ghost of xelsha the Grand Master, a legendary GnAE of Sif Muna (Zig:23)
  A shadow dragon (Zig:23)
  A deep elf elementalist (Elf:3)
  A demonspawn corrupter (Zig:12)
  An ice dragon (Depths:1)
  A rakshasa (Depths:2)
  2 juggernaut simulacra (Coc:5)
  A deep troll (Depths:3)
  A quicksilver dragon simulacrum (Coc:7)
  A lindwurm (Vaults:4)
  A deep elf pyromancer (Zig:16)
  An iron giant simulacrum (Coc:7)
  A merfolk (Zig:20)
  A tarantella (Spider:4)
  3 harpy simulacra (Coc:7)
  An orc wizard (Orc:1)
  6 ball lightnings
  69 fire vortices
  4 foxfires (Zig:13)
  35 fungi
  A pillar of salt (Desolation)
  101 plants
  16 tentacles
  5 toadstools (D:13)
  87 withered plants
343 creatures vanquished.

Grand Total: 3941 creatures vanquished

Notes
Turn   | Place    | Note
-------+----------+-------------------------------------------
     0 | D:1      | protoss039 the Demonspawn Earth Elementalist began the
                  | quest for the Orb.
     0 | D:1      | Reached XP level 1. HP: 13/13 MP: 3/3
   379 | D:1      | Gained mutation: When seriously injured, your blood forms
                  | armour. (AC +0) [demonic ancestry]
   379 | D:1      | Reached XP level 2. HP: 20/20 MP: 3/5
   475 | D:1      | Reached skill level 1 in Fighting
   815 | D:1      | Found a faded altar of an unknown god.
  1067 | D:1      | Gained mutation: Spells you cast may paralyse adjacent
                  | enemies. [demonic ancestry]
  1067 | D:1      | Reached XP level 3. HP: 26/26 MP: 1/6
  1237 | D:1      | Learned a level 2 spell: Passwall
  1561 | D:2      | Noticed Robin
  1578 | D:2      | Killed Robin
  1592 | D:2      | Reached XP level 4. HP: 9/33 MP: 0/8
  1609 | D:1      | Reached skill level 2 in Fighting
  1971 | D:2      | Noticed Jessica
  1972 | D:2      | Noticed Sigmund
  2077 | D:1      | Learned a level 3 spell: Stone Arrow
  2217 | D:2      | Noticed Natasha
  2222 | D:2      | Killed Natasha
  2229 | D:2      | Noticed Natasha
  2239 | D:2      | Killed Natasha
  2240 | D:2      | Gained mutation: When seriously injured, your blood forms
                  | thick armour. (AC +0) [demonic ancestry]
  2240 | D:2      | Reached XP level 5. HP: 23/39 MP: 6/9
  2241 | D:2      | Killed Jessica
  2515 | D:3      | Found a hide-covered altar of Uskayaw.
  2515 | D:3      | Noticed a +0 spear
  2515 | D:3      | Noticed a +0 dagger
  2516 | D:3      | Noticed a +0 short sword
  2517 | D:3      | Noticed a +0 spear
  2517 | D:3      | Noticed a +0 short sword
  2517 | D:3      | Noticed a +0 falchion
  2518 | D:3      | Noticed a +0 falchion
  2518 | D:3      | Noticed a +0 dagger
  2897 | D:3      | Found a shimmering altar of Xom.
  2920 | D:3      | Reached skill level 3 in Fighting
  2939 | D:3      | Reached skill level 1 in Conjurations
  2939 | D:3      | Gained mutation: You regenerate a little health from kills.
                  | [demonic ancestry]
  2939 | D:3      | Reached XP level 6. HP: 46/47 MP: 3/11
  3121 | D:3      | Reached skill level 1 in Armour
  4058 | D:4      | Gained mutation: Spells you cast may paralyse nearby
                  | enemies. [demonic ancestry]
  4058 | D:4      | Reached XP level 7. HP: 52/52 MP: 10/13
  4738 | D:4      | Reached skill level 4 in Fighting
  4882 | D:4      | Noticed a wyvern
  4888 | D:4      | Killed a wyvern
  5055 | D:5      | Entered Level 5 of the Dungeon
  5183 | D:5      | Reached skill level 5 in Earth Magic
  5183 | D:5      | Gained mutation: You have sharp fingernails. [demonic
                  | ancestry]
  5183 | D:5      | Reached XP level 8. HP: 61/61 MP: 9/14
  5280 | D:5      | Found a runed translucent gate.
  5281 | D:5      | Found a runed translucent gate.
  5282 | D:5      | Found a runed translucent gate.
  5283 | D:5      | Noticed enotiy's ghost (novice GrFi)
  5773 | D:5      | Found a snail-covered altar of Cheibriados.
  6119 | D:6      | Reached skill level 5 in Spellcasting
  6167 | D:6      | Found a staircase to the Ecumenical Temple.
  6179 | Temple   | Entered the Ecumenical Temple
  6212 | Temple   | Became a worshipper of Vehumet
  6243 | D:6      | Found an opulent altar of Gozag.
  6486 | D:6      | Found a sacrificial altar of Ru.
  6493 | D:6      | Reached skill level 5 in Fighting
  6517 | D:6      | Found Raumaog's Neck Hole.
  6908 | D:7      | Noticed Maggie
  6995 | D:7      | Reached * piety under Vehumet
  6995 | D:7      | Offered knowledge of Magic Dart by Vehumet.
  7062 | D:7      | Killed Maggie
  7063 | D:7      | Reached XP level 9. HP: 48/68 MP: 13/17
  7196 | D:7      | Identified the amulet "Pittit" {Reflect -Cast rElec Str+4
                  | SH+5}
  7481 | D:7      | Found a runed translucent door.
  7482 | D:7      | Noticed Crazy Yiuf
  7556 | D:7      | Reached skill level 5 in Conjurations
  7573 | D:7      | Noticed Menkaure
  7577 | D:7      | Killed Menkaure
  7618 | D:7      | Found Pyveakh's Armour Boutique.
  7779 | D:7      | Killed Crazy Yiuf
  8398 | D:2      | Noticed Natasha
  8402 | D:2      | Killed Natasha
  8403 | D:2      | Reached skill level 6 in Fighting
  8417 | D:2      | Killed Sigmund
  8610 | D:2      | Learned a level 4 spell: Petrify
  8708 | D:5      | Reached skill level 1 in Transmutations
  9236 | D:8      | Reached ** piety under Vehumet
  9299 | D:8      | Offered knowledge of Poisonous Vapours by Vehumet.
  9464 | D:8      | Noticed an elephant
  9485 | D:8      | Killed an elephant
  9495 | D:8      | Reached XP level 10. HP: 38/77 MP: 6/19
  9711 | D:8      | Found a staircase to the Lair.
  9718 | D:8      | Reached skill level 5 in Armour
  9762 | D:8      | Found Achem's CLEARANCE SALE!.
  9804 | D:8      | Bought a +0 buckler for 9 gold pieces
  9882 | D:8      | Noticed Prince Ribbit
  9886 | D:8      | Killed Prince Ribbit
  9955 | D:8      | Found a shadowy altar of Dithmenos.
  9956 | D:8      | Found a hazy altar of Hepliaklqana.
 10011 | D:8      | Reached skill level 1 in Shields
 10234 | D:9      | Found a burning altar of Makhleb.
 10268 | D:9      | Noticed Grum
 10271 | D:9      | Killed Grum
 10367 | D:9      | Found a transporter.
 10367 | D:9      | Noticed a harpy
 10367 | D:9      | Noticed a centaur warrior
 10370 | D:9      | Noticed gargbit's ghost (novice TrFi)
 10385 | D:9      | Found a transporter.
 10386 | D:9      | a harpy changed into a human
 10397 | D:9      | Noticed a cane toad
 10397 | D:9      | a human changed into a cane toad
 10463 | D:9      | Offered knowledge of Inner Flame by Vehumet.
 10494 | D:9      | Noticed a mana viper
 10501 | D:9      | Reached *** piety under Vehumet
 10528 | D:9      | Found a shimmering blue altar of Sif Muna.
 10775 | D:9      | Reached skill level 7 in Fighting
 10881 | D:9      | Found a sparkling altar of Nemelex Xobeh.
 10992 | D:9      | Noticed a satyr
 11052 | D:9      | Learned a level 3 spell: Inner Flame
 11055 | D:10     | Entered Level 10 of the Dungeon
 11294 | D:10     | Noticed a two-headed ogre
 11301 | D:10     | Killed a two-headed ogre
 11302 | D:10     | Reached skill level 1 in Fire Magic
 11789 | D:10     | Learned a level 4 spell: Iskenderun's Mystic Blast
 11794 | D:11     | Noticed Erica
 11844 | D:11     | Noticed a boulder beetle
 11846 | D:11     | Reached XP level 11. HP: 84/84 MP: 19/21
 11857 | D:11     | Killed a boulder beetle
 11858 | D:11     | Offered knowledge of Flame Wave by Vehumet.
 12260 | D:11     | Noticed Nergalle
 12267 | D:11     | Killed Erica
 12458 | D:11     | Killed Nergalle
 12639 | D:11     | Reached **** piety under Vehumet
 12678 | D:11     | Noticed Sonja
 12687 | D:11     | Killed Sonja
 12687 | D:11     | Offered knowledge of Olgreb's Toxic Radiance by Vehumet.
 12730 | D:11     | Noticed Josephine
 12736 | D:11     | Killed Josephine
 12737 | D:11     | Reached skill level 8 in Fighting
 12791 | D:11     | Noticed a cyan ugly thing
 12803 | D:11     | Killed a cyan ugly thing
 13079 | D:11     | Found a staircase to the Orcish Mines.
 13229 | D:11     | Learned a level 4 spell: Olgreb's Toxic Radiance
 13346 | D:12     | Reached skill level 1 in Poison Magic
 13393 | D:12     | Reached XP level 12. HP: 74/93 MP: 18/23
 13553 | D:12     | Noticed a two-headed ogre
 13559 | D:12     | Killed a two-headed ogre
 14284 | D:12     | Learned a level 5 spell: Freezing Cloud
 14288 | D:13     | Noticed an eight-headed hydra
 14288 | D:13     | Noticed a centaur warrior
 14528 | D:13     | Reached skill level 1 in Air Magic
 14640 | D:13     | Noticed an eight-headed hydra
 14646 | D:13     | Killed an eight-headed hydra
 14647 | D:13     | Reached skill level 1 in Ice Magic
 14927 | D:13     | Noticed a boulder beetle
 14938 | D:13     | Killed a boulder beetle
 14939 | D:13     | Reached skill level 5 in Shields
 15027 | D:13     | Noticed a boulder beetle
 15035 | D:13     | Killed a boulder beetle
 15146 | D:13     | Killed a centaur warrior
 15317 | D:13     | Reached ***** piety under Vehumet
 15317 | D:13     | Offered knowledge of Fulminant Prism by Vehumet.
 15461 | D:13     | Noticed a centaur warrior
 15469 | D:13     | Killed a centaur warrior
 15470 | D:13     | Reached skill level 9 in Fighting
 15530 | D:13     | Killed an eight-headed hydra
 16153 | D:14     | Noticed a vault guard
 16153 | D:14     | Noticed a vault guard
 16153 | D:14     | Noticed a vault guard
 16182 | D:14     | Killed a vault guard
 16183 | D:14     | Gained mutation: You have very sharp fingernails. [demonic
                  | ancestry]
 16183 | D:14     | Reached XP level 13. HP: 88/101 MP: 13/25
 16578 | D:14     | Noticed Louise
 16879 | D:14     | Identified the +7 rapier of Yesterday {pain, Dex+3}
 17434 | D:14     | Reached skill level 10 in Fighting
 17539 | D:14     | Found a gate to the Vaults.
 17607 | D:14     | Killed Louise
 18183 | D:14     | Found Cuffelat's Antique Weapon Shoppe.
 18291 | D:15     | Entered Level 15 of the Dungeon
 19477 | D:15     | Reached skill level 11 in Fighting
 19477 | D:15     | Reached XP level 14. HP: 57/113 MP: 23/27
 19800 | Lair:1   | Entered Level 1 of the Lair of Beasts
 19800 | Lair:1   | Noticed Joseph
 19805 | Lair:1   | Killed Joseph
 20005 | Lair:1   | Found a frozen archway.
 20106 | IceCv    | Entered an ice cave
 20168 | IceCv    | Found a transporter.
 20213 | IceCv    | Found a transporter.
 20409 | Lair:1   | Noticed Harold
 20418 | Lair:1   | Killed Harold
 20418 | Lair:1   | Offered knowledge of Lee's Rapid Deconstruction by Vehumet.
 20427 | Lair:1   | Learned a level 5 spell: Lee's Rapid Deconstruction
 20621 | Lair:1   | Identified the +1 leather armour of Tousy {rPois}
 20634 | Lair:1   | Noticed Gastronok
 20849 | Lair:1   | Killed Gastronok
 21269 | Lair:2   | Found a hole to the Spider Nest.
 21357 | Lair:2   | Found a staircase to the Shoals.
 22220 | Lair:3   | Reached skill level 10 in Spellcasting
 22342 | Lair:3   | Reached skill level 10 in Conjurations
 22388 | Lair:3   | Reached skill level 12 in Fighting
 23022 | Lair:4   | Reached skill level 10 in Earth Magic
 23646 | Lair:5   | Entered Level 5 of the Lair of Beasts
 23659 | Lair:5   | Offered knowledge of Iskenderun's Battlesphere by Vehumet.
 23749 | Lair:5   | Gained mutation: When seriously injured, your blood forms
                  | very thick armour. (AC +0) [demonic ancestry]
 23749 | Lair:5   | Reached XP level 15. HP: 121/121 MP: 24/29
 23781 | Lair:5   | Found a staircase to the Slime Pits.
 24393 | Lair:5   | Learned a level 3 spell: Mephitic Cloud
 25543 | Lair:5   | Identified the amulet "Ymotwothros" {Fragile rC+ Will+++
                  | Regen+ rCorr}
 25744 | D:7      | Bought a scarf of resistance for 320 gold pieces
 25885 | Orc:1    | Entered Level 1 of the Orcish Mines
 25933 | Orc:1    | Noticed Jorgrun
 25951 | Orc:1    | Killed Jorgrun
 26246 | Orc:2    | Entered Level 2 of the Orcish Mines
 26411 | Orc:2    | Found a staircase to the Elven Halls.
 26675 | Orc:2    | Found Qumop's General Store.
 26678 | Orc:2    | Found Saqasulo's Distillery.
 26861 | Orc:2    | Bought a potion of cancellation for 136 gold pieces
 26861 | Orc:2    | Bought a scroll of identify for 34 gold pieces
 26861 | Orc:2    | Bought a scroll of identify for 34 gold pieces
 26861 | Orc:2    | Bought a scroll of poison for 68 gold pieces
 26866 | Orc:2    | Bought a potion of heal wounds for 50 gold pieces
 26866 | Orc:2    | Bought a potion of curing for 30 gold pieces
 26866 | Orc:2    | Bought a potion of brilliance for 40 gold pieces
 26866 | Orc:2    | Bought a potion of attraction for 30 gold pieces
 26866 | Orc:2    | Bought a potion of berserk rage for 50 gold pieces
 26866 | Orc:2    | Bought a potion of mutation for 80 gold pieces
 27202 | Orc:2    | Reached skill level 10 in Shields
 27415 | Orc:2    | Reached skill level 13 in Fighting
 27433 | Orc:2    | Offered knowledge of Yara's Violent Unravelling by Vehumet.
 27991 | Orc:2    | Found Qiklirr's Antique Armour Boutique.
 27991 | Orc:2    | Found a one-way gate leading to the halls of Pandemonium.
 27991 | Orc:2    | Found Kucket's Jewellery Shop.
 27993 | Orc:2    | Bought a pair of faintly humming boots for 313 gold pieces
 27993 | Orc:2    | Identified the +0 pair of boots of Untruth {Will+ Int+4}
                  | (You bought it in a shop on level 2 of the Orcish Mines)
 27993 | Orc:2    | Bought a black opal-encrusted chain mail for 313 gold
                  | pieces
 27993 | Orc:2    | Identified the +0 chain mail of Fuseise {Will- Dex+7
                  | Stlth+} (You bought it in a shop on level 2 of the Orcish
                  | Mines)
 27993 | Orc:2    | Bought a pair of runed gloves for 247 gold pieces
 29065 | D:15     | Identified the +1 ring mail of Makhleb's Hatred {rF+ Str+2
                  | Int-5}
 29378 | D:15     | Found a staircase to the Depths.
 29471 | D:15     | Found an iron altar of Okawaru.
 29940 | Shoals:1 | Entered Level 1 of the Shoals
 29959 | Shoals:1 | Gained mutation: You regenerate health from kills. [demonic
                  | ancestry]
 29959 | Shoals:1 | Reached XP level 16. HP: 77/131 MP: 22/31
 30127 | Shoals:1 | Found Ydehin's Jewellery Boutique.
 30620 | Shoals:1 | Found Iqun's Distillery.
 30674 | Shoals:1 | Reached skill level 10 in Armour
 30733 | Shoals:1 | Bought a potion of brilliance for 68 gold pieces
 30733 | Shoals:1 | Bought a potion of might for 68 gold pieces
 30733 | Shoals:1 | Bought a potion of curing for 51 gold pieces
 30733 | Shoals:1 | Bought a potion of curing for 51 gold pieces
 30733 | Shoals:1 | Bought a potion of curing for 51 gold pieces
 30733 | Shoals:1 | Bought a potion of curing for 51 gold pieces
 30794 | Shoals:1 | Found Geumofry's Assorted Antiques.
 30911 | Shoals:1 | Bought a scroll of identify for 68 gold pieces
 30911 | Shoals:1 | Bought a scroll labelled GAISYNTI LOIT for 34 gold pieces
 31019 | Shoals:1 | Found Usyekkib's Self-Improvement Boutique.
 32092 | Shoals:2 | Noticed a kraken
 32097 | Shoals:2 | Killed a kraken
 33458 | Shoals:3 | Reached skill level 14 in Fighting
 34665 | Shoals:4 | Entered Level 4 of the Shoals
 35376 | Shoals:4 | Got a barnacled rune of Zot
 35652 | Shoals:3 | Reached XP level 17. HP: 118/140 MP: 7/33
 36491 | Shoals:4 | Noticed a kraken
 36502 | Shoals:4 | Killed a kraken
 36818 | Shoals:4 | Noticed a kraken
 36829 | Shoals:4 | Killed a kraken
 37095 | Spider:1 | Entered Level 1 of the Spider Nest
 37981 | Spider:1 | Reached ****** piety under Vehumet
 38606 | Spider:1 | Offered knowledge of Lightning Bolt by Vehumet.
 38759 | Spider:1 | Reached skill level 15 in Fighting
 39006 | Spider:2 | Noticed Agnes
 39019 | Spider:1 | Killed Agnes
 40141 | Spider:3 | Noticed Mara
 40145 | Spider:3 | Noticed protoss039's illusion
 40349 | Spider:3 | Noticed protoss039's illusion
 40658 | Spider:2 | Killed Mara
 40945 | Spider:3 | Identified the +6 rapier "Lapnuosk" {venom, rPois rC+++
                  | Int-2}
 41821 | Spider:4 | Entered Level 4 of the Spider Nest
 42453 | Spider:4 | Gained mutation: You have claws for hands. [demonic
                  | ancestry]
 42453 | Spider:4 | Reached XP level 18. HP: 151/151 MP: 20/35
 42547 | Spider:4 | Offered knowledge of Ozocubu's Refrigeration by Vehumet.
 42577 | Spider:3 | Learned a level 7 spell: Ozocubu's Refrigeration
 42685 | Spider:4 | Reached skill level 16 in Fighting
 42842 | Spider:4 | Found a runed translucent gate.
 42842 | Spider:4 | Found a runed translucent gate.
 42842 | Spider:4 | Found a runed translucent gate.
 42845 | Spider:4 | Noticed reativica's ghost (journeyman CeHu)
 42845 | Spider:4 | Noticed Honosyedgha's ghost (adept GrBe)
 42846 | Spider:4 | Noticed gargbit's ghost (adept DgCj)
 42846 | Spider:4 | Noticed Ojahapt's ghost (journeyman MeEE)
 42847 | Spider:4 | Noticed Ocsud's ghost (adept SpEn)
 45753 | Spider:4 | Got a gossamer rune of Zot
 45793 | Spider:4 | Found the +2 hood of the Assassin {Detection Stab+ Stlth++}
 45941 | Spider:4 | Offered knowledge of Orb of Destruction by Vehumet.
 46359 | Lair:2   | Learned a level 7 spell: Orb of Destruction
 46364 | Lair:2   | Learned a level 3 spell: Swiftness
 46535 | Elf:1    | Entered Level 1 of the Elven Halls
 46537 | Elf:1    | Noticed Aizul
 46546 | Elf:1    | Killed Aizul
 46759 | Elf:1    | Paralysed by an air elemental for 1 turns
 46917 | Elf:1    | Found a transporter.
 46920 | Elf:1    | Found a transporter.
 46920 | Elf:1    | Noticed WarchitectNL's ghost (journeyman MiFi)
 46945 | Elf:1    | Found a bloodstained altar of Trog.
 47195 | Elf:1    | Noticed Frances
 47204 | Elf:1    | Killed Frances
 47464 | Elf:1    | Noticed Donald
 47477 | Elf:1    | Killed Donald
 48303 | Elf:1    | Got Damigusa's Omnibus of Sinister Mysteries
 48425 | Elf:1    | Learned a level 5 spell: Borgnjor's Vile Clutch
 49516 | Elf:2    | Found a runed translucent gate.
 49516 | Elf:2    | Found a runed translucent gate.
 49516 | Elf:2    | Found a runed translucent gate.
 49541 | Elf:2    | Reached XP level 19. HP: 146/159 MP: 25/37
 50411 | Elf:2    | Offered knowledge of Fire Storm by Vehumet.
 50411 | Elf:2    | Offered knowledge of Shatter by Vehumet.
 50411 | Elf:2    | Offered knowledge of Ignition by Vehumet.
 50543 | Abyss:2  | Cast into level 2 of the Abyss (+1 executioner's axe of
                  | distortion)
 50586 | Abyss:2  | Learned a level 2 spell: Sublimation of Blood
 50699 | Abyss:2  | Noticed an ancient lich
 50705 | Abyss:2  | Killed an ancient lich
 50706 | Abyss:2  | Reached skill level 17 in Fighting
 50814 | Abyss:2  | Found a sacrificial altar of Ru.
 50897 | Abyss:2  | Noticed a bone dragon
 50978 | Abyss:2  | Noticed a dread lich
 51000 | Abyss:2  | Killed a dread lich
 51001 | Abyss:2  | Reached skill level 1 in Necromancy
 51257 | Abyss:2  | Noticed a bone dragon
 51339 | Elf:2    | Escaped the Abyss
 51840 | Elf:3    | Entered Level 3 of the Elven Halls
 53142 | Elf:3    | Reached skill level 5 in Necromancy
 53770 | Elf:3    | Identified the +1 scale mail of Fomir {Str+3 SInv}
 54321 | Elf:3    | Reached XP level 20. HP: 155/168 MP: 18/38
 54626 | Elf:3    | Reached skill level 15 in Spellcasting
 54626 | Elf:3    | Identified the ring of Ykaewk {+Blink rN+ Str+6 Int-5
                  | Dex+3}
 54715 | Elf:3    | Identified the amulet "Ozuin" {Spirit rC+ Str+2}
 55012 | Elf:3    | Identified the +5 mace of the Gnashing Gods {freeze, rN+
                  | rCorr Int-2}
 55190 | Elf:3    | Identified the +1 plate armour of the Evening {Int+2}
 55328 | Elf:3    | Identified the +7 quarterstaff of Fury {flame, rC+}
 55328 | Elf:3    | Identified the ring "Quklio" {Ice rElec}
 55341 | Elf:3    | Identified the +7 spear of the Saviour {protect, Int+4}
 55452 | Elf:3    | Identified the +6 arbalest "Ditomuso" {flame, +Blink rPois
                  | rC- Stlth+}
 55461 | Elf:3    | Identified the +4 bardiche of Ugior {freeze, Str+3}
 55581 | Elf:3    | Identified the +6 trident "Zielarod" {vamp, *Slow rN+ Dex+4
                  | SInv}
 55613 | Elf:3    | Got the Tractate on the Frore Escort
 55616 | Elf:3    | Got Sif Muna's Discourse on Shapeshifting and the Birds
 55645 | Elf:3    | Got Zaymelat's Compilation of Conflagrant Generation
 55995 | Vaults:1 | Entered Level 1 of the Vaults
 57694 | Vaults:1 | Found a huge runed gate.
 57694 | Vaults:1 | Found a huge runed gate.
 57694 | Vaults:1 | Found a huge runed gate.
 57697 | Vaults:1 | Found a huge runed gate.
 57698 | Vaults:1 | Found a huge runed gate.
 57699 | Vaults:1 | Found a huge runed gate.
 57699 | Vaults:1 | Found a huge runed gate.
 57699 | Vaults:1 | Found a huge runed gate.
 57699 | Vaults:1 | Found a huge runed gate.
 57701 | Vaults:1 | Found a huge runed gate.
 57701 | Vaults:1 | Found a huge runed gate.
 57701 | Vaults:1 | Found a huge runed gate.
 57701 | Vaults:1 | Found a huge runed gate.
 57701 | Vaults:1 | Found a huge runed gate.
 57701 | Vaults:1 | Found a huge runed gate.
 57702 | Vaults:1 | Found a huge runed gate.
 57703 | Vaults:1 | Found a huge runed gate.
 57704 | Vaults:1 | Found a huge runed gate.
 57712 | Vaults:1 | Found a huge runed gate.
 57712 | Vaults:1 | Found a huge runed gate.
 57712 | Vaults:1 | Found a huge runed gate.
 57712 | Vaults:1 | Found a huge runed gate.
 57712 | Vaults:1 | Found a huge runed gate.
 57712 | Vaults:1 | Found a huge runed gate.
 57713 | Vaults:1 | Found a huge runed gate.
 57714 | Vaults:1 | Found a huge runed gate.
 57715 | Vaults:1 | Found a huge runed gate.
 57723 | Vaults:1 | Found a huge runed gate.
 57723 | Vaults:1 | Found a huge runed gate.
 57723 | Vaults:1 | Found a huge runed gate.
 57723 | Vaults:1 | Found a huge runed gate.
 57723 | Vaults:1 | Found a huge runed gate.
 57723 | Vaults:1 | Found a huge runed gate.
 57724 | Vaults:1 | Found a huge runed gate.
 57725 | Vaults:1 | Found a huge runed gate.
 57726 | Vaults:1 | Found a huge runed gate.
 58458 | Vaults:2 | Found Seanutt's General Store.
 58461 | Vaults:2 | Found Qytuan's Magic Scroll Shoppe.
 58471 | Vaults:2 | Bought a scroll of magic mapping for 135 gold pieces
 58471 | Vaults:2 | Bought a wand of acid (5) for 378 gold pieces
 58484 | Vaults:2 | Found Geros's Magic Scroll Shoppe.
 58592 | Vaults:2 | Found a crumbling gateway.
 58677 | Vaults:2 | Found a flickering gateway to a bazaar.
 58696 | Bazaar   | Entered a bazaar
 58710 | Bazaar   | Found Inuogheo's General Store.
 58710 | Bazaar   | Found Iheohim's Weapon Emporium.
 58714 | Bazaar   | Bought a scroll of fear for 44 gold pieces
 58714 | Bazaar   | Bought a scroll of teleportation for 33 gold pieces
 58731 | Bazaar   | Found Loan Gor's Distillery.
 58731 | Bazaar   | Found Toupn's General Store.
 58735 | Bazaar   | Bought a potion of heal wounds for 55 gold pieces
 58735 | Bazaar   | Bought a scroll of summoning for 104 gold pieces
 58741 | Bazaar   | Bought a potion of curing for 33 gold pieces
 58741 | Bazaar   | Bought a potion of haste for 110 gold pieces
 58741 | Bazaar   | Bought a potion of heal wounds for 55 gold pieces
 58741 | Bazaar   | Bought a potion of curing for 33 gold pieces
 58741 | Bazaar   | Bought a potion of might for 44 gold pieces
 58741 | Bazaar   | Bought a potion of resistance for 110 gold pieces
 58741 | Bazaar   | Bought a potion of magic for 88 gold pieces
 58741 | Bazaar   | Bought a potion of haste for 110 gold pieces
 58752 | Bazaar   | Found Soexonun's Magic Scroll Emporium.
 58758 | Bazaar   | Bought a scroll of teleportation for 45 gold pieces
 58758 | Bazaar   | Bought a scroll of blinking for 112 gold pieces
 58846 | Desolati | Entered the Desolation of Salt
 59259 | Desolati | Reached skill level 18 in Fighting
 59275 | Desolati | Identified the ring of the Distant Future {rPois rC+}
 59285 | Desolati | Identified the +0 helmet of Circular Logic {rN+ Str-3
                  | Int+6}
 59599 | Desolati | Identified the ring of Zaik {rCorr Str+4}
 59827 | Desolati | Gained mutation: Your magical and physical power is
                  | slightly enhanced at high health. [demonic ancestry]
 59827 | Desolati | Reached XP level 21. HP: 170/171 MP: 25/40
 59907 | Desolati | Identified the ring "Peitop" {Contam Will+ Int+5 Dex+3}
 59915 | Desolati | Reached skill level 15 in Conjurations
 60180 | Desolati | Reached skill level 5 in Fire Magic
 60257 | Desolati | Identified the +11 flail "Qask" {vorpal, rN++ Stlth+}
 60261 | Desolati | Found the +9 sword of Zonguldrok {reap}
 60261 | Desolati | Found the +5 lochaber axe {reach-cleave, poleaxe}
 60524 | Desolati | Got Ushrirgh's Book of the Tainted Flock
 61435 | Vaults:2 | Found a staircase to the Crypt.
 61690 | Vaults:2 | Bought a scroll of teleportation for 48 gold pieces
 61690 | Vaults:2 | Bought a scroll of teleportation for 48 gold pieces
 61690 | Vaults:2 | Bought a scroll of fear for 64 gold pieces
 61690 | Vaults:2 | Bought a scroll of fear for 64 gold pieces
 61690 | Vaults:2 | Bought a scroll of blinking for 120 gold pieces
 62406 | Vaults:3 | Found Afioxkud's Antique Weapon Boutique.
 62577 | Vaults:3 | Reached skill level 15 in Earth Magic
 63274 | Vaults:3 | Found a transporter.
 63278 | Vaults:3 | Noticed an ancient lich
 63286 | Vaults:3 | Found a transporter.
 63567 | Vaults:3 | Reached skill level 15 in Shields
 63985 | Vaults:3 | Bought a masterwork morningstar for 360 gold pieces
 63985 | Vaults:3 | Identified the +7 morningstar of the Hills {freeze, rElec
                  | rF- rC- Int+10} (You bought it in a shop on level 3 of the
                  | Vaults)
 64434 | Vaults:4 | Reached XP level 22. HP: 184/184 MP: 42/42
 65906 | D:15     | Learned a level 8 spell: Lehudib's Crystal Spear
 65914 | D:15     | Learned a level 6 spell: Statue Form
 65915 | Depths:1 | Entered Level 1 of the Depths
 65958 | Depths:1 | Noticed Saint Roka
 66303 | Depths:1 | Killed Saint Roka
 67085 | Depths:1 | Identified the +1 scale mail of Dice, Bag, and Bottle
                  | {Regen+ rCorr}
 67451 | Depths:1 | Found a gateway to Hell.
 69443 | Depths:2 | Reached XP level 23. HP: 135/190 MP: 33/44
 69734 | Depths:2 | Noticed Nikola
 70738 | Depths:2 | Killed Nikola
 70966 | Depths:2 | Identified the +9 whip of Thoughtfulness {elec, rCorr
                  | Dex+7}
 71113 | Depths:2 | Identified the +1 leather armour of the Devil's Team
                  | {rPois}
 71117 | Depths:2 | Noticed a juggernaut
 71125 | Depths:2 | Killed a juggernaut
 71471 | Depths:2 | Identified the +5 kite shield "Opaanuni" {Str+5 Int+3}
 71501 | Depths:2 | Noticed a juggernaut
 71520 | Depths:2 | Killed a juggernaut
 71680 | Depths:2 | Reached skill level 10 in Necromancy
 72058 | Depths:2 | Found a one-way gateway to a ziggurat.
 72456 | Depths:3 | Paralysed by a floating eye for 4 turns
 72654 | Depths:3 | Noticed a juggernaut
 72674 | Depths:3 | Killed a juggernaut
 72820 | Depths:3 | Found a one-way gate to the infinite horrors of the Abyss.
 73840 | Depths:3 | Found a runed translucent gate.
 73841 | Depths:3 | Found a runed translucent gate.
 73842 | Depths:3 | Found a runed translucent gate.
 73858 | Depths:3 | Noticed Reiqiorph's ghost (adept FoFi)
 74116 | Depths:4 | Entered Level 4 of the Depths
 74127 | Depths:4 | Gained mutation: Spells you cast and wands you use may
                  | paralyse nearby enemies. [demonic ancestry]
 74127 | Depths:4 | Reached XP level 24. HP: 155/199 MP: 40/45
 74211 | Depths:4 | Identified the +0 robe of the Earth {rPois Will+ rCorr}
 74280 | Depths:4 | Found a gate to the Realm of Zot.
 74363 | Depths:4 | Reached skill level 5 in Transmutations
 74687 | Depths:4 | Found Ulattoi's Book Shoppe.
 74687 | Depths:4 | Found Xododyz's Antique Armour Emporium.
 74743 | Depths:4 | Found a blossoming altar of Fedhas.
 75655 | Vaults:2 | Learned a level 9 spell: Shatter
 75658 | Crypt:1  | Entered Level 1 of the Crypt
 75947 | Crypt:1  | Noticed rrossfarrar's ghost (veteran BaFi)
 75983 | Vaults:2 | Killed rrossfarrar's ghost
 76174 | Crypt:1  | Found a runed translucent gate.
 76175 | Crypt:1  | Found a runed translucent gate.
 76176 | Crypt:1  | Found a runed translucent gate.
 77408 | Crypt:2  | Reached skill level 19 in Fighting
 78447 | Crypt:3  | Entered Level 3 of the Crypt
 78630 | Crypt:3  | Noticed Zenata
 78632 | Crypt:3  | Gained mutation: You regenerate a lot of health from kills.
                  | [demonic ancestry]
 78632 | Crypt:3  | Reached XP level 25. HP: 207/207 MP: 24/45
 78636 | Crypt:3  | Killed Zenata
 79011 | Crypt:3  | Found a staircase to the Tomb.
 79234 | Crypt:3  | Found an ancient bone altar of Kikubaaqudgha.
 79238 | Crypt:3  | Found a basalt altar of Yredelemnul.
 79316 | Crypt:3  | Identified the +7 great sword "Demonspawn's Regret" {flame,
                  | Dex+3}
 79656 | Crypt:3  | Identified the +5 sling "Pempeypt" {flame, rElec Str+2
                  | Dex+6}
 79658 | Crypt:3  | Identified the +0 scale mail of Liberalism {Dex+2}
 80211 | Vaults:4 | Learned a level 8 spell: Ignition
 80229 | Vaults:5 | Entered Level 5 of the Vaults
 80597 | Vaults:5 | Identified the ring of Midnight {Fly rPois MP+9 Str+3
                  | Dex+3}
 80621 | Vaults:5 | Identified the ring "Ruheysyps" {Drain rF+ Str-3 Int+10
                  | Dex+5}
 80653 | Vaults:5 | Gained mutation: Your magical and physical power is
                  | enhanced at high health. [demonic ancestry]
 80653 | Vaults:5 | Reached XP level 26. HP: 217/217 MP: 28/46
 80936 | Vaults:5 | Identified a scroll of acquirement
 81003 | Vaults:5 | Learned a level 8 spell: Necromutation
 81240 | Vaults:5 | Found Emial's General Store.
 81244 | Vaults:5 | Identified the +0 pair of gloves of Duck's Teeth {rElec
                  | rPois rC- Regen+}
 81248 | Vaults:5 | Bought a potion of mutation for 136 gold pieces
 81248 | Vaults:5 | Bought a scroll of enchant armour for 127 gold pieces
 81248 | Vaults:5 | Bought a scroll of blinking for 127 gold pieces
 81489 | Vaults:5 | Got a silver rune of Zot
 81722 | Vaults:5 | Identified the amulet of Okawaru's Benevolence {Acrobat
                  | Rampage +Inv rN++ Int-4}
 81752 | Vaults:5 | Got the Monograph on Helpful Charms
 81838 | Vaults:5 | Acquired the +2 pair of boots of Parlour Games {rC+ Regen+
                  | Str+3 Stlth-}
 82171 | Hell     | Entered the Vestibule of Hell
 82171 | Hell     | Noticed Geryon
 82180 | Hell     | Killed Geryon
 82190 | Hell     | Reached skill level 10 in Fire Magic
 82573 | Hell     | Found a gateway to the ashen valley of Gehenna.
 82593 | Hell     | Found a gateway to the decaying netherworld of Tartarus.
 82648 | Hell     | Found a gateway to the freezing wastes of Cocytus.
 82699 | Hell     | Found a gateway to the Iron City of Dis.
 82919 | Coc:1    | Entered Level 1 of Cocytus
 82975 | Coc:2    | You are sucked into a shaft and drop 1 floor!
 82975 | Coc:3    | Noticed a dread lich
 82982 | Coc:3    | Killed a dread lich
 82983 | Coc:3    | Reached skill level 20 in Fighting
 83068 | Coc:6    | Noticed a dread lich
 83069 | Coc:6    | Killed a dread lich
 83070 | Coc:6    | Reached skill level 10 in Transmutations
 83146 | Coc:7    | Entered Level 7 of Cocytus
 83148 | Coc:7    | Paralysed by a wendigo for 1 turns
 83208 | Coc:7    | Gained mutation: Your magical and physical power is greatly
                  | enhanced at high health. [demonic ancestry]
 83208 | Coc:7    | Reached XP level 27. HP: 224/224 MP: 46/46
 83235 | Coc:7    | Reached skill level 15 in Armour
 83239 | Coc:7    | Paralysed by a wendigo for 1 turns
 83294 | Coc:7    | Identified the +6 shortbow of the Fool {flame, *Slow rCorr
                  | Str+2 Dex+8}
 83297 | Coc:7    | Got the Handbook of Cankerous Metal
 83401 | Coc:7    | Noticed Antaeus
 83438 | Coc:7    | Killed Antaeus
 83498 | Coc:7    | Paralysed by a wendigo for 1 turns
 83500 | Coc:7    | Got an icy rune of Zot
 83828 | Hell     | Learned a level 9 spell: Fire Storm
 83864 | Tar:1    | Entered Level 1 of Tartarus
 84205 | Tar:5    | Noticed a dread lich
 84208 | Tar:5    | Killed a dread lich
 84209 | Tar:5    | Reached skill level 15 in Necromancy
 84244 | Tar:5    | Noticed an ancient lich
 84249 | Tar:5    | Killed an ancient lich
 84347 | Tar:7    | Entered Level 7 of Tartarus
 84847 | Tar:7    | Reached skill level 21 in Fighting
 84974 | Tar:7    | Noticed an ancient lich
 84979 | Tar:7    | Killed an ancient lich
 85113 | Tar:7    | Noticed a dread lich
 85126 | Tar:7    | Killed a dread lich
 85324 | Tar:7    | Noticed a dread lich
 85331 | Tar:7    | Killed a dread lich
 85494 | Tar:7    | Noticed Ereshkigal
 85514 | Tar:7    | Killed Ereshkigal
 85596 | Tar:7    | Got a bone rune of Zot
 86020 | Slime:1  | Entered Level 1 of the Pits of Slime
 86070 | Slime:3  | Noticed Dissolution
 86074 | Slime:3  | Killed Dissolution
 86122 | Slime:5  | Entered Level 5 of the Pits of Slime
 86149 | Slime:5  | Found a viscous altar of Jiyva.
 86150 | Slime:5  | Noticed the Royal Jelly
 86158 | Slime:5  | Killed the Royal Jelly
 86296 | Slime:5  | Identified the +4 triple crossbow of Xelir {vorpal, rCorr
                  | Int+2}
 86307 | Slime:5  | Identified the ring "Lommeaff" {Wiz rF+ Str+5 SInv}
 86338 | Slime:5  | Identified the +3 plate armour of the Minstrel {rF+ Stlth+}
 86347 | Slime:5  | Identified the +2 long sword "protoss039's Doom"
                  | {antimagic, rCorr Dex+2}
 86352 | Slime:5  | Identified the ring "Igeaj" {rC+ Str+4 Slay+3}
 86355 | Slime:5  | Identified the +6 mace of the Unkillable {drain, *Noise
                  | rElec rCorr SInv}
 86366 | Slime:5  | Got a slimy rune of Zot
 87500 | Shoals:1 | Bought a crude spear for 272 gold pieces
 87500 | Shoals:1 | Identified the +1 spear of Courage {vorpal, Int+2} (You
                  | bought it in a shop on level 1 of the Shoals)
 87521 | Shoals:1 | Bought a manual of Armour for 1120 gold pieces
 87521 | Shoals:1 | Bought a manual of Fighting for 1120 gold pieces
 87521 | Shoals:1 | Bought a manual of Necromancy for 1120 gold pieces
 87824 | Zig:1    | Entered Level 1 of a ziggurat
 87824 | Zig:1    | Noticed Uhahuschi the pandemonium lord
 87830 | Zig:1    | Killed Uhahuschi the pandemonium lord
 87874 | Zig:2    | Entered Level 2 of a ziggurat
 87894 | Zig:3    | Entered Level 3 of a ziggurat
 87907 | Zig:3    | Identified the +1 leather armour of the Guild-Master
                  | {Int+4}
 87915 | Zig:4    | Entered Level 4 of a ziggurat
 87946 | Zig:4    | Acquired 878 gold pieces
 87980 | Zig:5    | Entered Level 5 of a ziggurat
 87984 | Zig:5    | Noticed Cisoyrus the pandemonium lord
 87993 | Zig:5    | Killed Cisoyrus the pandemonium lord
 88091 | Zig:5    | Identified the +9 morningstar of Prudence {venom, rC+
                  | Will++}
 88129 | Zig:6    | Entered Level 6 of a ziggurat
 88161 | Zig:6    | Identified the amulet "Pithu" {RegenMP Str+10 Int-3}
 88168 | Zig:7    | Entered Level 7 of a ziggurat
 88208 | Zig:8    | Entered Level 8 of a ziggurat
 88262 | Zig:8    | Identified the +11 war axe of Ysauss {vorpal, *Rage rPois
                  | rCorr Int+5}
 88274 | Zig:9    | Entered Level 9 of a ziggurat
 88280 | Zig:9    | Paralysed by an air elemental for 1 turns
 88443 | Zig:9    | Reached skill level 22 in Fighting
 88474 | Zig:10   | Entered Level 10 of a ziggurat
 88496 | Zig:10   | Identified the ring "Oqoym" {rCorr Str+6 Int+4}
 88498 | Zig:10   | Identified the +4 scale mail "Koik" {rC+ Slay+3}
 88534 | Zig:11   | Entered Level 11 of a ziggurat
 88541 | Zig:11   | Noticed Faedghofe the pandemonium lord
 88543 | Zig:11   | Reached skill level 5 in Ice Magic
 88550 | Zig:11   | Killed Faedghofe the pandemonium lord
 88634 | Zig:11   | Identified the +2 great sword of Ofe Nock {protect, rPois
                  | rC+ Str-5}
 88710 | Zig:12   | Entered Level 12 of a ziggurat
 88722 | Zig:12   | Noticed Epoats the pandemonium lord
 88729 | Zig:12   | Killed Epoats the pandemonium lord
 88772 | Zig:12   | Identified the +3 quarterstaff of Welying {speed, SInv}
 88844 | Zig:13   | Entered Level 13 of a ziggurat
 88954 | Zig:13   | Identified the ring of Herump {rPois rF+ rC+ Dex+2}
 88992 | Zig:13   | Learned a level 7 spell: Ozocubu's Refrigeration
 89020 | Zig:14   | Entered Level 14 of a ziggurat
 89111 | Zig:15   | Entered Level 15 of a ziggurat
 89129 | Zig:15   | Reached skill level 23 in Fighting
 89157 | Zig:15   | Identified the +7 chain mail "Vaiff" {Rampage +Inv Dex-4}
 89175 | Zig:15   | Identified the +3 quarterstaff "Seybem" {flame, rPois Will+
                  | Dex+2}
 89242 | Zig:16   | Entered Level 16 of a ziggurat
 89296 | Zig:16   | Identified the +8 quarterstaff "Pyheur Wari" {flame, SInv}
 89301 | Zig:16   | Identified the +2 hat "Gufer" {rElec Int+6}
 89303 | Zig:16   | Identified the +3 chain mail of Autumn {MP+9}
 89304 | Zig:16   | Identified the ring "Soaraob" {Will+ AC+4 SInv}
 89319 | Zig:16   | Identified the +8 plate armour of the Moneychanger {Rampage
                  | Slay+6}
 89393 | Zig:17   | Entered Level 17 of a ziggurat
 89418 | Zig:17   | Reached skill level 15 in Fire Magic
 89525 | Zig:17   | Identified the ring "Bodwif" {rF- Will+ rCorr Dex+4}
 89537 | Zig:17   | Identified the ring "Juomommym" {rPois Will+ Stlth+}
 89612 | Zig:18   | Entered Level 18 of a ziggurat
 89706 | Zig:18   | Identified the +1 great sword of the Final Decision
                  | {vorpal, rF+ rN+ Int+4}
 89778 | Zig:19   | Entered Level 19 of a ziggurat
 89788 | Zig:19   | Noticed an ancient lich
 89791 | Zig:19   | Noticed a dread lich
 89794 | Zig:19   | Killed an ancient lich
 89794 | Zig:19   | Killed a dread lich
 89796 | Zig:19   | Noticed an ancient lich
 89796 | Zig:19   | Noticed a dread lich
 89798 | Zig:19   | Killed a dread lich
 89798 | Zig:19   | Killed an ancient lich
 89799 | Zig:19   | Reached skill level 24 in Fighting
 89830 | Zig:19   | Identified the +7 spear of the Hummingbird {speed, SInv
                  | Stlth+}
 89833 | Zig:19   | Got Sif Muna's Atlas of the Charged Boulder
 89834 | Zig:19   | Identified the ring "Weroiqo" {rElec rC- Int+6 Dex+2 SInv}
 89843 | Zig:19   | Identified the +9 war axe "Ezetene" {vorpal, Str+2 Dex+2}
 89848 | Zig:19   | Identified the +4 rapier of Infinite Pain {venom, rPois
                  | rF++}
 89925 | Zig:20   | Entered Level 20 of a ziggurat
 90037 | Zig:20   | Found the +6 Majin-Bo {vamp, MP+6 Int+6}
 90069 | Zig:20   | Identified the +2 rapier "Qocaij Son" {vorpal, rC+}
 90087 | Zig:20   | Identified the +4 rapier of Ruination {elec, Will+}
 90091 | Zig:20   | Identified the +7 rapier "Felitube" {protect, rF+}
 90190 | Zig:21   | Entered Level 21 of a ziggurat
 90207 | Zig:21   | Reached skill level 1 in Throwing
 90209 | Zig:21   | Noticed Laog the pandemonium lord
 90216 | Zig:21   | Reached skill level 5 in Dodging
 90226 | Zig:21   | Killed Laog the pandemonium lord
 90426 | Zig:21   | Found the -2 hat of the Alchemist {rElec rPois rF+ rC+ rN+
                  | Will+ rMut rCorr}
 90439 | Zig:21   | Identified the amulet of Autumn {Faith rF+}
 90441 | Zig:21   | Identified the -1 pair of boots of Springtime {Harm rN+}
 90450 | Zig:21   | Identified the +1 falchion "Zyqask" {vorpal, *Corrode rElec
                  | rPois rN++}
 90499 | Zig:22   | Entered Level 22 of a ziggurat
 90594 | Zig:22   | Identified the ring of Suomn {rPois Will+}
 90597 | Zig:22   | Identified the +8 great sword "Vanalip" {freeze, rPois MP+9
                  | Stlth+}
 90679 | Zig:22   | Learned a level 9 spell: Polar Vortex
 90693 | Zig:23   | Entered Level 23 of a ziggurat
 90705 | Zig:23   | Noticed Fueng's ghost (legendary HOFi)
 90705 | Zig:23   | Noticed Zenecom's ghost (legendary MiFi)
 90722 | Zig:23   | Noticed Zeph's ghost (adept NaFi)
 90722 | Zig:23   | Noticed Walil's ghost (veteran MiMo)
 90724 | Zig:23   | Noticed xelsha's ghost (legendary GnAE)
 90726 | Zig:23   | Noticed lmSkywalker's ghost (adept DrTm)
 90727 | Zig:23   | Noticed Fusentrap's ghost (legendary MiBe)
 90728 | Zig:23   | Killed lmSkywalker's ghost
 90728 | Zig:23   | Killed Zeph's ghost
 90728 | Zig:23   | Noticed Xaowkis's ghost (legendary GnWr)
 90729 | Zig:23   | Reached skill level 5 in Throwing
 90730 | Zig:23   | Killed Walil's ghost
 90736 | Zig:23   | Noticed Fueng's ghost (legendary HOFi)
 90737 | Zig:23   | Noticed frimble's ghost (legendary GrFi)
 90738 | Zig:23   | HP: 2/240 [Fueng's ghost (19)]
 90748 | Zig:23   | Killed xelsha's ghost
 90757 | Zig:23   | Killed Xaowkis's ghost
 90760 | Zig:23   | Killed Zenecom's ghost
 90830 | Zig:23   | Identified the ring "Fouxukait" {Fire rPois}
 90836 | Zig:23   | Identified the +4 morningstar "Zialuxof" {vorpal, rC+ rN+
                  | Int+2 Dex-2}
 90840 | Zig:24   | Entered Level 24 of a ziggurat
 90876 | Zig:24   | Noticed a royal mummy
 90884 | Zig:24   | Killed a royal mummy
 90910 | Zig:24   | Noticed a royal mummy
 90911 | Zig:24   | Noticed a royal mummy
 90914 | Zig:24   | Noticed a royal mummy
 90915 | Zig:24   | Killed a royal mummy
 90916 | Zig:24   | Killed a royal mummy
 90916 | Zig:24   | Killed a royal mummy
 90916 | Zig:24   | Noticed a royal mummy
 90916 | Zig:24   | Noticed a royal mummy
 90917 | Zig:24   | Noticed a royal mummy
 90918 | Zig:24   | Noticed a royal mummy
 90918 | Zig:24   | Noticed a royal mummy
 90919 | Zig:24   | Killed a royal mummy
 90919 | Zig:24   | Killed a royal mummy
 90919 | Zig:24   | Killed a royal mummy
 90920 | Zig:24   | Noticed a royal mummy
 90920 | Zig:24   | Noticed a royal mummy
 90920 | Zig:24   | Noticed a royal mummy
 90921 | Zig:24   | Killed a royal mummy
 90922 | Zig:24   | Reached skill level 10 in Ice Magic
 90922 | Zig:24   | Killed a royal mummy
 90923 | Zig:24   | Killed a royal mummy
 90923 | Zig:24   | Killed a royal mummy
 90926 | Zig:24   | Killed a royal mummy
 90968 | Zig:24   | Found the +12 glaive of Prune {vorpal}
 90974 | Zig:24   | Identified the ring "Pukiusm" {+Blink rN+ Will+ Str-2
                  | Int+4}
 90976 | Zig:24   | Identified the +12 morningstar "Demonbane" {elec, rN+
                  | Int+4}
 90978 | Zig:24   | Identified the +6 quick blade of Certain Death {chaos,
                  | *Corrode rF++}
 90982 | Zig:24   | Identified the +0 cloak "Garod" {Rampage rN+ Stlth-}
 90989 | Zig:24   | Identified the ring "Ozxucainezi" {rN+ Int+6 SInv}
 90991 | Zig:24   | Identified the ring "Vicathre" {rElec rC+ Str+6 Dex+4}
 91001 | Zig:24   | Identified the +8 dagger of the Fresh God {venom, rElec
                  | Will+ MP+9 Dex+2}
 91002 | Zig:24   | Identified the +3 ring mail "Hahux" {+Inv}
 91093 | Zig:25   | Entered Level 25 of a ziggurat
 91105 | Zig:25   | Noticed Qiegu the pandemonium lord
 91108 | Zig:25   | Noticed Lamot the pandemonium lord
 91109 | Zig:25   | Noticed Onkon the pandemonium lord
 91111 | Abyss:6  | Found a corrupted altar of Lugonu.
 91111 | Abyss:6  | Cast into level 6 of the Abyss (Lamot)
 91112 | Abyss:6  | Acquired 623 gold pieces
 91135 | Zig:25   | Escaped the Abyss
 91137 | Zig:25   | Killed Qiegu the pandemonium lord
 91140 | Zig:25   | Killed Onkon the pandemonium lord
 91142 | Zig:25   | Noticed Velasos the pandemonium lord
 91149 | Zig:25   | Noticed Areum the pandemonium lord
 91154 | Zig:25   | Noticed Ugonic the pandemonium lord
 91155 | Zig:25   | Killed Velasos the pandemonium lord
 91155 | Zig:25   | Noticed Hosorphu the pandemonium lord
 91158 | Zig:25   | Noticed Oniufe the pandemonium lord
 91161 | Zig:25   | Noticed Saji the pandemonium lord
 91161 | Zig:25   | Noticed Pischem the pandemonium lord
 91161 | Zig:25   | Noticed Relukk the pandemonium lord
 91162 | Zig:25   | Noticed Udaohale the pandemonium lord
 91162 | Zig:25   | Noticed Siziriwe the pandemonium lord
 91164 | Zig:25   | Slain by Areum the pandemonium lord

Illustrated notes

Levels and vault maps discovered:
D:1:      minmay_arrival_wavy_path, layout_loops_ring, basic_ecumenical_altar
D:2:      layout_loops_ring, serial_glass, glass_columns_c, glass_columns_a,
          minmay_crystal_water, minmay_diced_spiral, uniq_jessica, uniq_sigmund,
          uniq_natasha, uniq_robin
D:3:      layout_loops_ring, nicolae_uskayaw_en_pointe, led_xom_imps
D:4:      lemuel_castle_with_subvaults [lemuel_castle_interior_original],
          layout_loops_ring
D:5:      layout_gridville, tso_altar, slow_altar_2,
          gammafunk_ghost_nasty_kobolds, grunt_decor_junction
D:6:      layout_basic, mainiacjoe_overflow_tiny_flanked,
          nicolae_ru_great_annihilating_truth, minmay_temple_entry_waves,
          nicolae_shop_sticking_my_neck_out
D:7:      nicolae_cairo_tiling, layout_cave_pools, serial_shops, shop,
          uniq_menkaure, uniq_crazy_yiuf_cottage, uniq_maggie
D:8:      layout_rooms, riverfiend_overflow_shadow_ancestor, david_lair_generic,
          nicolae_shop_clearance, uniq_prince_ribbit1
D:9:      layout_cross, mainiacjoe_overflow_small_starburst,
          nemelex_xobeh_ov_fountains_minmay, nicolae_overflow_crystal_walls,
          gammafunk_ghost_arena, nicolae_eternal_life,
          kennysheep_generic_room_2, uniq_grum
D:10:     layout_long_grid, zin_academy
D:11:     layout_gridville, david_orc_5, uniq_nergalle, uniq_erica,
          uniq_josephine, uniq_sonja
D:12:     layout_gridville, nrook_mini_vaults
D:13:     layout_basic, minmay_gold_behind_fungi, dreamdust_looks_like_rain
D:14:     layout_loops_corners, erik_vaults_2, minivault_24, serial_shops,
          nicolae_shop_behind_doors, uniq_louise
D:15:     grunt_enter_depths_snipers, layout_loops_cross,
          okawaru_metal_pillars_1_2, patterned_corridor
Temple:   nicolae_temple_ecumenical_triangle
Lair:1:   layout_roguey, serial_bayou, serial_bayou_pond_c,
          serial_bayou_crossing, serial_bayou_pond_e, serial_bayou_pond_c,
          serial_bayou_pond_d, portal_ice_cave_entry_imps,
          nicolae_lair_grazing_beasts [nicolae_sub_lair_graze_edge,
          nicolae_sub_lair_graze_edge, nicolae_sub_lair_graze_edge,
          nicolae_sub_lair_graze_edge], uniq_gastronok, uniq_joseph, uniq_harold
Lair:2:   layout_loops_ring, minmay_shoals_entry_beasts,
          nicolae_spider_entry_non_spiders
Lair:3:   layout_roguey, st_stairs_11, infiniplex_staircase_pool_2
Lair:4:   layout_loops_ring
Lair:5:   due_jungle_book, layout_regular_city, slime_entry_1
Shoals:1: layout_shoals, serial_shops, nicolae_shop_advertising_works
          [nicolae_subvault_shop_adworks], shop_fountains, shop, abandoned_shop,
          nicolae_shop_self_help
Shoals:2: layout_shoals
Shoals:3: layout_shoals, st_cyclops
Shoals:4: shoals_end_simple, layout_shoals, nicolae_shoals_kraken_intersection
Spider:1: layout_spider_delve, hangedman_spider_mandibles,
          nicolae_spider_twisty_arc_passages
Spider:2: layout_spider_delve, uniq_agnes
Spider:3: layout_spider_delve, uniq_mara
Spider:4: guppyfry_spider_rune, gammafunk_ghost_cemetery
Slime:1:  layout_caves
Slime:2:  layout_caves, special_room [special_room_jelly],
          cheibrodos_slime_lost_civilization_4
Slime:3:  layout_caves, dissolution_awaits
Slime:4:  layout_caves
Slime:5
Orc:1:    layout_caves, uniq_jorgrun
Orc:2:    pf_orc_diabolical, layout_caves
Elf:1:    eino_elf_arrival_sip, layout_geoelf_grid,
          gammafunk_ghost_wrathful_warriors, minmay_elf_necromancy, uniq_aizul,
          uniq_frances, uniq_donald
Elf:2:    elven_hall_of_blades_hangedman_original
          [nicolae_blade_entry_antechamber], layout_gridlike,
          nicolae_elf_variegated_diamond
Elf:3:    minmay_elf_hall_golems, layout_loops_corners, laboratory,
          grunt_megastairs_5
Vaults:1: ontoclasm_vaults_hangar, grunt_vaults_hallway_long, v_misc_8,
          door_vault, nicolae_vaults_little_squares_6, vaults_mumra_hexcomb,
          v_misc_16, hangedman_vaults_cutoff, layout_vaults_omnigrid
Vaults:2: portal_desolation_entry_salt, minmay_crypt_entry_simple_round,
          st_spiral_rooms, v_misc_17, nicolae_vaults_ring_of_whatevers,
          nicolae_vaults_angled_halls, nicolae_vaults_arrows,
          ontoclasm_vaults_chip, v_pattern_2, v_misc_14,
          hangedman_vaults_stitches, vaults_room_door_hall, v_rooms_4,
          nicolae_vaults_circle_grid_a, hangedman_vaults_stretched_pinwheel,
          nicolae_vaults_ring_of_whatevers, layout_vaults_maze, serial_shops,
          bzr_firewalk, shop, shop, nicolae_shop_crystal
Vaults:3: gammafunk_sealed_arena, hangedman_vaults_locks,
          vaults_dpeg_encased_lava, nicolae_vaults_network_periphery, v_misc_17,
          vaults_mumra_chevron, ontoclasm_vaults_eye, ontoclasm_vaults_ligature,
          layout_vaults_chaotic_city, serial_shops, nicolae_shop_waterfront
Vaults:4: nicolae_vaults_specimen_jars, v_misc_23, ontoclasm_vaults_idyll,
          nicolae_vaults_angled_halls, vaults_dpeg_ring,
          ontoclasm_vaults_ring_large, ontoclasm_vaults_decontamination,
          v_misc_23, nicolae_vaults_border_crossing, layout_vaults_omnicross
Vaults:5
Crypt:1:  layout_basic, gammafunk_ghost_necromancy, minmay_guarded_unrand_curses
Crypt:2:  layout_catacombs, grunt_megastairs_3
Crypt:3:  lightli_unholy_cathedral, layout_chaotic_city,
          nicolae_tomb_entry_grand_gallery, serial_sigils_hangedman_confine,
          st_shrine_of_skulls, uniq_zenata
Depths:1: nzn_winding_woodlands_cross [nzn_winding_woodlands_5x15_crooked,
          nzn_winding_woodlands_5x15_garden, nzn_winding_woodlands_5x15_pool,
          nzn_winding_woodlands_5x15_jagged,
          nzn_winding_woodlands_15x15_killbox], layout_basic, hell_entry,
          nrook_mini_backslash, hangedman_corner_corridor, serial_bayou_shore_a,
          uniq_saint_roka
Depths:2: box_level_dp, hell_entry, serial_shops, pan_entry, uniq_nikola
Depths:3: minmay_the_grid_net [minmay_the_grid_spin_star,
          minmay_the_grid_square_x, minmay_the_grid_minigrid_medium,
          minmay_the_grid_diamond_grid, minmay_the_grid_minigrid_small,
          minmay_the_grid_prize_big_room], layout_cave_pools,
          rand_demon_pan_entry_7, hangedman_abyss_entry_splay,
          gammafunk_ghost_tricky_traps, hell_entry,
          chequers_serial_rivers_marsh, uniq_josephina
Depths:4: evilmike_zot_entry_diamond, layout_small_grid, fedhas_altar_4,
          pf_hell_entry_great_geh, minmay_shoptagon
Hell
Coc:1:    nicolae_coc_icebeans_plural [nicolae_sub_coc_subbean,
          nicolae_sub_coc_subbean, nicolae_sub_coc_subbean,
          nicolae_sub_coc_subbean], layout_cocytus_water_paths
Coc:2:    layout_cocytus_delve
Coc:3:    layout_cocytus_water_paths
Coc:4:    layout_ice_bergs
Coc:5:    layout_cocytus_water_paths
Coc:6:    layout_ice_bergs
Coc:7:    coc_dpeg
Tar:1:    layout_grid_maze, nicolae_hells_hurtin_island
Tar:2:    layout_honeycomb
Tar:3:    layout_honeycomb
Tar:4:    layout_honeycomb, nicolae_tar_cuneiform_city
Tar:5:    layout_honeycomb, lemuel_nasty_pond
Tar:6:    layout_grid_maze
Tar:7:    tar_grunt_cathedral
Zig:25:   ziggurat_pillar_abc, ziggurat_pillar_abc, ziggurat_pillar_abc,
          ziggurat_pillar_abc

Skill      XL: |  1  2  3  4  5  6  7  8  9 10 11 12 13 14 15 16 17 18 19 20 21 22 23 24 25 26 27 |
---------------+----------------------------------------------------------------------------------+-----
Fighting       | 1 2 3 4 5 6 7 8 9 11 12 13 14 15 16 17 18 19 20 24 | 24.7
Earth Magic    | 3 4 5 6 7 8 9 10 11 12 13 14 15 16 17 18 19 20 23 | 23.1
Spellcasting   | 3 4 5 6 7 8 9 10 11 12 13 14 15 16 17 18 19 22 | 22.6
Conjurations   | 1 2 3 4 5 6 7 8 9 10 11 12 13 14 16 17 18 21 | 21.0
Armour         | 1 2 4 5 6 7 8 9 10 11 12 13 14 19 | 19.3
Transmutations | 2 3 4 7 8 10 12 | 12.0
Stealth        | 2 3 |  3.0
Dodging        | 2 3 8 |  8.4
Shields        | 2 4 5 7 9 10 11 12 13 14 15 16 17 18 | 18.9
Fire Magic     | 1 3 4 6 7 8 9 11 16 | 16.7
Poison Magic   | 1 3 |  3.0
Air Magic      | 3 |  3.0
Ice Magic      | 3 10 | 10.4
Necromancy     | 5 9 10 11 12 13 22 | 22.2
Throwing       | 7 |  7.1

Action                   |  1- 3 |  4- 6 |  7- 9 | 10-12 | 13-15 | 16-18 | 19-21 | 22-24 | 25-27 || total
-------------------------+-------+-------+-------+-------+-------+-------+-------+-------+-------++-------
Melee: Unarmed           |    28 |       |       |       |       |       |       |       |       ||    28
       Dagger            |    18 |   106 |    89 |     2 |       |       |       |       |       ||   215
       Rapier            |    13 |       |       |       |       |       |       |       |       ||    13
       Punch             |       |     1 |     2 |       |       |       |       |       |       ||     3
       Hand axe          |       |       |       |   134 |   261 |    60 |       |       |       ||   455
       Broad axe         |       |       |       |       |       |   128 |   332 |   132 |       ||   592
       Demon whip        |       |       |       |       |       |       |     7 |       |       ||     7
       Morningstar       |       |       |       |       |       |       |    34 |   284 |   345 ||   663
 Cast: Sandblast         |    46 |    76 |   111 |   104 |    67 |   166 |    44 |       |       ||   614
       Stone Arrow       |       |       |    88 |   271 |   485 |   717 |   172 |    32 |     9 ||  1774
       Passwall          |       |       |     2 |     1 |       |    12 |     4 |    26 |     2 ||    47
       Inner Flame       |       |       |       |     1 |     9 |     1 |       |       |       ||    11
       Iskenderun's Myst |       |       |       |       |   107 |   121 |    57 |    54 |     3 ||   342
       Freezing Cloud    |       |       |       |       |    29 |   159 |    86 |    49 |     4 ||   327
       Olgreb's Toxic Ra |       |       |       |       |    51 |    20 |     8 |       |       ||    79
       Mephitic Cloud    |       |       |       |       |    10 |    27 |    12 |     1 |       ||    50
       Lee's Rapid Decon |       |       |       |       |     5 |       |       |       |       ||     5
       Borgnjor's Vile C |       |       |       |       |       |    13 |   326 |   308 |   178 ||   825
       Orb of Destructio |       |       |       |       |       |     4 |    69 |    78 |       ||   151
       Swiftness         |       |       |       |       |       |     1 |       |     3 |     3 ||     7
       Sublimation of Bl |       |       |       |       |       |       |     1 |       |    71 ||    72
       Lehudib's Crystal |       |       |       |       |       |       |       |    89 |   166 ||   255
       Statue Form       |       |       |       |       |       |       |       |    33 |    16 ||    49
       Shatter           |       |       |       |       |       |       |       |    25 |   195 ||   220
       Ignition          |       |       |       |       |       |       |       |       |   101 ||   101
       Necromutation     |       |       |       |       |       |       |       |       |    88 ||    88
       Fire Storm        |       |       |       |       |       |       |       |       |    30 ||    30
       Ozocubu's Refrige |       |       |       |       |       |       |       |       |     2 ||     2
 Abil: End Transformatio |       |       |       |       |       |       |       |     6 |    52 ||    58
Evoke: Wand              |       |       |     2 |     3 |       |     7 |     3 |     2 |       ||    17
       Phantom mirror    |       |       |       |     1 |     2 |     1 |       |       |     3 ||     7
       Condenser vane    |       |       |       |       |       |       |       |       |     2 ||     2
  Use: Scroll            |       |     3 |     3 |     4 |    11 |    31 |     8 |     5 |    25 ||    90
       Potion            |       |       |       |     1 |     5 |     1 |    15 |     1 |    22 ||    45
 Stab: Paralysed         |     6 |     8 |    34 |    78 |    82 |    61 |    88 |    90 |    38 ||   485
       Sleeping          |       |     2 |       |       |       |       |       |       |       ||     2
       Confused          |       |       |       |       |     1 |     4 |       |       |       ||     5
Armor: Robe              |    37 |    11 |       |       |       |       |       |     7 |       ||    55
       Leather armour    |       |    51 |    53 |    33 |     5 |       |       |       |       ||   142
       Acid dragon scale |       |       |       |    47 |    70 |   276 |   279 |   201 |   472 ||  1345
       Ring mail         |       |       |       |    35 |   183 |       |       |       |       ||   218
       Skin              |       |       |       |       |       |       |       |   307 |   289 ||   596
Dodge: Dodged            |    64 |   109 |    82 |   126 |   203 |   261 |   262 |   416 |   484 ||  2007
       Repelled          |       |       |       |       |       |     5 |    16 |     2 |     4 ||    27
Block: Buckler           |       |       |       |    50 |     3 |       |       |       |       ||    53
       Kite shield       |       |       |       |       |   282 |   397 |   401 |   596 |   997 ||  2673
       Reflection        |       |       |       |       |       |       |    41 |    20 |    54 ||   115
